Workbook

Sheet Guidelines
A1: Guidelines for the "Budget and Financial Reporting" template – Centre for Childhood Health (August 2026)
A3: General guidance on the use of the “CCH Budget and Financial Reporting Template”
A4: The template is used when submitting an application to the Centre for Childhood Health using GrantOne.
A5: The template must be used and updated annually throughout the project period in connection with the annual financial reporting and any budget revisions during the project period.
A6: The template is used for the final financial reporting to the Centre for Childhood Health.
A7: The budget totals and actual amounts entered in the tabs for each individual year are automatically consolidated in the “Overview” tab.
A9: Completing the template
A10: Please onnly enter data in the orange cells.
A11: The budget and financial reporting must follow the calendar year.
A12: The descriptions of individual budget items may be changed for each year.
A13: If you need to add extra rows or make similar changes, please contact Cente’s financial consultant or grants administration for assistance.
A15: Budget content
... A66: For budget changes, the most recently approved “Budget and Financial Reporting Template” for the relevant grant must be used.

Sheet Overview
A1: Budget and Financial Reporting - Centre for Childhood Health
A3: Project Information: | J3: Please, only enter data in the orange cells.
A4: Grant holder
A5: Project name
A6: CCH journal no.
A7: Total project period | B7: XX-XX-20XX | C7: XX-XX-20XX
A8: Potential collaboration partner(s)
A10: Financing: | I10: Budget Status:
A11: Total grant from CCH | I11: Total budget grant | L11: =E11 -> 0
A12: Co-funding from Grant Holder | I12: Expenses & Budget - Cumulative | L12: =+L43 -> 0 | N12: Positive variance: The remaining amount can be allocated across subsequent budget years.
A13: Total Project Budget | B13: =B11+B12 -> 0 | E13: =SUM(E11:E12) -> 0 | I13: Remaning Budget Allocation | L13: =+L11-L12 -> 0 | N13: Negative variance: Future budgets must be reduced accordingly.
A15: Finansiering fra Center for Sundt Liv og Trivsel
B16: Budget | E16: Budget
B17: 2023 | C17: =+B17+1 -> 2024 | D17: =+C17+1 -> 2025 | E17: =+D17+1 -> 2026 | F17: =+E17+1 -> 2027 | G17: =+F17+1 -> 2028 | H17: =+G17+1 -> 2029 | I17: =+H17+1 -> 2030 | J17: =+I17+1 -> 2031 | K17: =+J17+1 -> 2032 | L17: TOTAL
A18: SALARIES | B18: =+SUMIF('2023'!$A:$A,"Løn total",'2023'!$I:$I) -> 0 | C18: =+SUMIF('2024'!$A:$A,"Løn total",'2024'!$I:$I) -> 0 | D18: =+SUMIF('2025'!$A:$A,"Løn total",'2025'!$I:$I) -> 0 | E18: =+SUMIF('2026'!$A:$A,"SALARIES TOTAL",'2026'!$I:$I) -> 0 | F18: =+SUMIF('2027'!$A:$A,"SALARIES TOTAL",'2027'!$I:$I) -> 0 | G18: =+SUMIF('2028'!$A:$A,"SALARIES TOTAL",'2028'!$I:$I) -> 0 | H18: =+SUMIF('2029'!$A:$A,"SALARIES TOTAL",'2029'!$I:$I) -> 0 | I18: =+SUMIF('2030'!$A:$A,"SALARIES TOTAL",'2030'!$I:$I) -> 0 | J18: =+SUMIF('2031'!$A:$A,"SALARIES TOTAL",'2031'!$I:$I) -> 0 | K18: =+SUMIF('2032'!$A:$A,"SALARIES TOTAL",'2032'!$I:$I) -> 0 | L18: =SUM(B18:K18) -> 0
A19: OPERATING EXPENSES | B19: =+SUMIF('2023'!$A:$A,"Drift total",'2023'!$I:$I) -> 0 | C19: =+SUMIF('2024'!$A:$A,"Drift total",'2024'!$I:$I) -> 0 | D19: =+SUMIF('2025'!$A:$A,"Drift total",'2025'!$I:$I) -> 0 | E19: =+SUMIF('2026'!$A:$A,"OPERATING EXPENSES TOTAL",'2026'!$I:$I) -> 0 | F19: =+SUMIF('2027'!$A:$A,"OPERATING EXPENSES TOTAL",'2027'!$I:$I) -> 0 | G19: =+SUMIF('2028'!$A:$A,"OPERATING EXPENSES TOTAL",'2028'!$I:$I) -> 0 | H19: =+SUMIF('2029'!$A:$A,"OPERATING EXPENSES TOTAL",'2029'!$I:$I) -> 0 | I19: =+SUMIF('2030'!$A:$A,"OPERATING EXPENSES TOTAL",'2030'!$I:$I) -> 0 | J19: =+SUMIF('2032'!$A:$A,"OPERATING EXPENSES TOTAL",'2032'!$I:$I) -> 0 | K19: =+SUMIF('2026'!$A:$A,"OPERATING EXPENSES TOTAL",'2026'!$I:$I) -> 0 | L19: =SUM(B19:K19) -> 0
A20: ADMINISTRATION CONTRIBUTION (5%) | B20: =+SUMIF('2023'!$A:$A,"ADMINISTRATIONSBIDRAG (5%)",'2023'!$I:$I) -> 0 | C20: =+SUMIF('2024'!$A:$A,"ADMINISTRATIONSBIDRAG (5%)",'2024'!$I:$I) -> 0 | D20: =+SUMIF('2025'!$A:$A,"ADMINISTRATIONSBIDRAG (5%)",'2025'!$I:$I) -> 0 | E20: =+SUMIF('2026'!$A:$A,"ADMINISTRATION CONTRIBUTION (5%)",'2026'!$I:$I) -> 0 | F20: =+SUMIF('2027'!$A:$A,"ADMINISTRATION CONTRIBUTION (5%)",'2027'!$I:$I) -> 0 | G20: =+SUMIF('2028'!$A:$A,"ADMINISTRATION CONTRIBUTION (5%)",'2028'!$I:$I) -> 0 | H20: =+SUMIF('2029'!$A:$A,"ADMINISTRATION CONTRIBUTION (5%)",'2029'!$I:$I) -> 0 | I20: =+SUMIF('2030'!$A:$A,"ADMINISTRATION CONTRIBUTION (5%)",'2030'!$I:$I) -> 0 | J20: =+SUMIF('2031'!$A:$A,"ADMINISTRATION CONTRIBUTION (5%)",'2031'!$I:$I) -> 0 | K20: =+SUMIF('2032'!$A:$A,"ADMINISTRATION CONTRIBUTION (5%)",'2032'!$I:$I) -> 0 | L20: =SUM(B20:K20) -> 0
A21: TOTAL | B21: =SUM(B18:B20) -> 0 | C21: =SUM(C18:C20) -> 0 | D21: =SUM(D18:D20) -> 0 | E21: =SUM(E18:E20) -> 0 | F21: =SUM(F18:F20) -> 0 | G21: =SUM(G18:G20) -> 0 | H21: =SUM(H18:H20) -> 0 | I21: =SUM(I18:I20) -> 0 | ... K21: =SUM(K18:K20) -> 0 | L21: =SUM(C21:K21) -> 0
B23: Realiseret | E23: Expenses
B24: 2023 | C24: =+B24+1 -> 2024 | D24: =+C24+1 -> 2025 | E24: =+D24+1 -> 2026 | F24: =+E24+1 -> 2027 | G24: =+F24+1 -> 2028 | H24: =+G24+1 -> 2029 | I24: =+H24+1 -> 2030 | J24: =+I24+1 -> 2031 | K24: =+J24+1 -> 2032 | L24: TOTAL
A25: SALARIES | B25: =+SUMIF('2023'!$A:$A,"Løn total",'2023'!$F:$F) -> 0 | C25: =+SUMIF('2024'!$A:$A,"Løn total",'2024'!$F:$F) -> 0 | D25: =+SUMIF('2025'!$A:$A,"Løn total",'2025'!$F:$F) -> 0 | E25: =+SUMIF('2026'!$A:$A,"SALARIES TOTAL",'2026'!$F:$F) -> 0 | F25: =+SUMIF('2027'!$A:$A,"SALARIES TOTAL",'2027'!$F:$F) -> 0 | G25: =+SUMIF('2028'!$A:$A,"SALARIES TOTAL",'2028'!$F:$F) -> 0 | H25: =+SUMIF('2029'!$A:$A,"SALARIES TOTAL",'2029'!$F:$F) -> 0 | I25: =+SUMIF('2030'!$A:$A,"SALARIES TOTAL",'2030'!$F:$F) -> 0 | J25: =+SUMIF('2031'!$A:$A,"SALARIES TOTAL",'2031'!$F:$F) -> 0 | K25: =+SUMIF('2032'!$A:$A,"SALARIES TOTAL",'2032'!$F:$F) -> 0 | L25: =SUM(B25:K25) -> 0
A26: OPERATING EXPENSES | B26: =+SUMIF('2023'!$A:$A,"Drift total",'2023'!$F:$F) -> 0 | C26: =+SUMIF('2024'!$A:$A,"Drift total",'2024'!$F:$F) -> 0 | D26: =+SUMIF('2025'!$A:$A,"Drift total",'2025'!$F:$F) -> 0 | E26: =+SUMIF('2026'!$A:$A,"OPERATING EXPENSES TOTAL",'2026'!$F:$F) -> 0 | F26: =+SUMIF('2027'!$A:$A,"OPERATING EXPENSES TOTAL",'2027'!$F:$F) -> 0 | G26: =+SUMIF('2028'!$A:$A,"OPERATING EXPENSES TOTAL",'2028'!$F:$F) -> 0 | H26: =+SUMIF('2029'!$A:$A,"OPERATING EXPENSES TOTAL",'2029'!$F:$F) -> 0 | I26: =+SUMIF('2030'!$A:$A,"OPERATING EXPENSES TOTAL",'2030'!$F:$F) -> 0 | J26: =+SUMIF('2031'!$A:$A,"OPERATING EXPENSES TOTAL",'2031'!$F:$F) -> 0 | K26: =+SUMIF('2032'!$A:$A,"OPERATING EXPENSES TOTAL",'2032'!$F:$F) -> 0 | L26: =SUM(B26:K26) -> 0
A27: ADMINISTRATION CONTRIBUTION (5%) | B27: =+SUMIF('2023'!$A:$A,"ADMINISTRATIONSBIDRAG (5%)",'2023'!$F:$F) -> 0 | C27: =+SUMIF('2024'!$A:$A,"ADMINISTRATIONSBIDRAG (5%)",'2024'!$F:$F) -> 0 | D27: =+SUMIF('2025'!$A:$A,"ADMINISTRATIONSBIDRAG (5%)",'2025'!$F:$F) -> 0 | E27: =+SUMIF('2026'!$A:$A,"ADMINISTRATION CONTRIBUTION (5%)",'2026'!$F:$F) -> 0 | F27: =+SUMIF('2027'!$A:$A,"ADMINISTRATION CONTRIBUTION (5%)",'2027'!$F:$F) -> 0 | G27: =+SUMIF('2028'!$A:$A,"ADMINISTRATION CONTRIBUTION (5%)",'2028'!$F:$F) -> 0 | H27: =+SUMIF('2029'!$A:$A,"ADMINISTRATION CONTRIBUTION (5%)",'2029'!$F:$F) -> 0 | I27: =+SUMIF('2030'!$A:$A,"ADMINISTRATION CONTRIBUTION (5%)",'2030'!$F:$F) -> 0 | J27: =+SUMIF('2031'!$A:$A,"ADMINISTRATION CONTRIBUTION (5%)",'2031'!$F:$F) -> 0 | K27: =+SUMIF('2032'!$A:$A,"ADMINISTRATION CONTRIBUTION (5%)",'2032'!$F:$F) -> 0 | L27: =SUM(B27:K27) -> 0
A28: TOTAL | B28: =SUM(B25:B27) -> 0 | C28: =SUM(C25:C27) -> 0 | D28: =SUM(D25:D27) -> 0 | E28: =SUM(E25:E27) -> 0 | F28: =SUM(F25:F27) -> 0 | G28: =SUM(G25:G27) -> 0 | H28: =SUM(H25:H27) -> 0 | I28: =SUM(I25:I27) -> 0 | ... K28: =SUM(K25:K27) -> 0 | L28: =SUM(B28:K28) -> 0
B30: Forskel | E30: Difference
B31: 2023 | C31: =+B31+1 -> 2024 | D31: =+C31+1 -> 2025 | E31: =+D31+1 -> 2026 | F31: =+E31+1 -> 2027 | G31: =+F31+1 -> 2028 | H31: =+G31+1 -> 2029 | I31: =+H31+1 -> 2030 | J31: =+I31+1 -> 2031 | K31: =+J31+1 -> 2032 | L31: TOTAL
A32: SALARIES | B32: =+B25-B18 -> 0 | C32: =+C25-C18 -> 0 | D32: =+D25-D18 -> 0 | E32: =+E25-E18 -> 0 | F32: =+F25-F18 -> 0 | G32: =+G25-G18 -> 0 | H32: =+H25-H18 -> 0 | I32: =+I25-I18 -> 0 | ... K32: =+K25-K18 -> 0 | L32: =SUM(B32:K32) -> 0
A33: OPERATING EXPENSES | B33: =+B26-B19 -> 0 | C33: =+C26-C19 -> 0 | D33: =+D26-D19 -> 0 | E33: =+E26-E19 -> 0 | F33: =+F26-F19 -> 0 | G33: =+G26-G19 -> 0 | H33: =+H26-H19 -> 0 | I33: =+I26-I19 -> 0 | ... K33: =+K26-K19 -> 0 | L33: =SUM(B33:K33) -> 0
A34: ADMINISTRATION CONTRIBUTION (5%) | B34: =+B27-B20 -> 0 | C34: =+C27-C20 -> 0 | D34: =+D27-D20 -> 0 | E34: =+E27-E20 -> 0 | F34: =+F27-F20 -> 0 | G34: =+G27-G20 -> 0 | H34: =+H27-H20 -> 0 | I34: =+I27-I20 -> 0 | ... K34: =+K27-K20 -> 0 | L34: =SUM(B34:K34) -> 0
A35: TOTAL | B35: =SUM(B32:B34) -> 0 | C35: =SUM(C32:C34) -> 0 | D35: =SUM(D32:D34) -> 0 | E35: =SUM(E32:E34) -> 0 | F35: =SUM(F32:F34) -> 0 | G35: =SUM(G32:G34) -> 0 | H35: =SUM(H32:H34) -> 0 | I35: =SUM(I32:I34) -> 0 | ... K35: =SUM(K32:K34) -> 0 | L35: =SUM(B35:K35) -> 0
A37: Grant from Centre for Childhood Health - Expenses and Budget - Cumulative
B38: =+IF(B28<>0,"Realiseret","Budget") -> Budget | C38: =+IF(C28<>0,"Realiseret","Budget") -> Budget | D38: =+IF(D28<>0,"Realiseret","Budget") -> Budget | E38: =+IF(E28<>0,"Expenses","Budget") -> Budget | F38: =+IF(F28<>0,"Expenses","Budget") -> Budget | G38: =+IF(G28<>0,"Expenses","Budget") -> Budget | H38: =+IF(H28<>0,"Expenses","Budget") -> Budget | I38: =+IF(I28<>0,"Expenses","Budget") -> Budget | J38: =+IF(J28<>0,"Expenses","Budget") -> Budget | K38: =+IF(K28<>0,"Expenses","Budget") -> Budget | L38: =+IF(L28<>0,"Expenses","Budget") -> Budget
B39: 2023 | C39: =+B39+1 -> 2024 | D39: =+C39+1 -> 2025 | E39: =+D39+1 -> 2026 | F39: =+E39+1 -> 2027 | G39: =+F39+1 -> 2028 | H39: =+G39+1 -> 2029 | I39: =+H39+1 -> 2030 | J39: =+I39+1 -> 2031 | K39: =+J39+1 -> 2032 | L39: TOTAL
A40: SALARIES | B40: =+IF(B$38="Realiseret",B25,B18) -> 0 | C40: =+IF(C$38="Realiseret",C25,C18) -> 0 | D40: =+IF(D$38="Realiseret",D25,D18) -> 0 | E40: =+IF(E$38="Expenses",E25,E18) -> 0 | F40: =+IF(F$38="Expenses",F25,F18) -> 0 | G40: =+IF(G$38="Expenses",G25,G18) -> 0 | H40: =+IF(H$38="Expenses",H25,H18) -> 0 | I40: =+IF(I$38="Expenses",I25,I18) -> 0 | J40: =+IF(J$38="Expenses",J25,J18) -> 0 | K40: =+IF(K$38="Expenses",K25,K18) -> 0 | L40: =SUM(B40:K40) -> 0
A41: OPERATING EXPENSES | B41: =+IF(B$38="Realiseret",B26,B19) -> 0 | C41: =+IF(C$38="Realiseret",C26,C19) -> 0 | D41: =+IF(D$38="Realiseret",D26,D19) -> 0 | E41: =+IF(E$38="Expenses",E26,E19) -> 0 | F41: =+IF(F$38="Expenses",F26,F19) -> 0 | G41: =+IF(G$38="Expenses",G26,G19) -> 0 | H41: =+IF(H$38="Expenses",H26,H19) -> 0 | I41: =+IF(I$38="Expenses",I26,I19) -> 0 | J41: =+IF(J$38="Expenses",J26,J19) -> 0 | K41: =+IF(K$38="Expenses",K26,K19) -> 0 | L41: =SUM(B41:K41) -> 0
A42: ADMINISTRATION SUPPORT (5%) | B42: =+IF(B$38="Realiseret",B27,B20) -> 0 | C42: =+IF(C$38="Realiseret",C27,C20) -> 0 | D42: =+IF(D$38="Realiseret",D27,D20) -> 0 | E42: =+IF(E$38="Expenses",E27,E20) -> 0 | F42: =+IF(F$38="Expenses",F27,F20) -> 0 | G42: =+IF(G$38="Expenses",G27,G20) -> 0 | H42: =+IF(H$38="Expenses",H27,H20) -> 0 | I42: =+IF(I$38="Expenses",I27,I20) -> 0 | J42: =+IF(J$38="Expenses",J27,J20) -> 0 | K42: =+IF(K$38="Expenses",K27,K20) -> 0 | L42: =SUM(B42:K42) -> 0
A43: TOTAL | B43: =SUM(B40:B42) -> 0 | C43: =SUM(C40:C42) -> 0 | D43: =SUM(D40:D42) -> 0 | E43: =SUM(E40:E42) -> 0 | F43: =SUM(F40:F42) -> 0 | G43: =SUM(G40:G42) -> 0 | H43: =SUM(H40:H42) -> 0 | I43: =SUM(I40:I42) -> 0 | ... K43: =SUM(K40:K42) -> 0 | L43: =SUM(B43:K43) -> 0
A45: Co-funding from Grant Holder - Budget
B46: Budget
B47: 2023 | C47: =+B47+1 -> 2024 | D47: =+C47+1 -> 2025 | E47: =+D47+1 -> 2026 | F47: =+E47+1 -> 2027 | G47: =+F47+1 -> 2028 | H47: =+G47+1 -> 2029 | I47: =+H47+1 -> 2030 | J47: =+I47+1 -> 2031 | K47: =+J47+1 -> 2032 | L47: TOTAL
A48: SALARIES | L48: =SUM(B48:K48) -> 0
A49: OPERATING EXPENSES | L49: =SUM(B49:K49) -> 0
A50: TOTAL | B50: =SUM(B48:B49) -> 0 | C50: =SUM(C48:C49) -> 0 | D50: =SUM(D48:D49) -> 0 | E50: =SUM(E48:E49) -> 0 | F50: =SUM(F48:F49) -> 0 | G50: =SUM(G48:G49) -> 0 | H50: =SUM(H48:H49) -> 0 | I50: =SUM(I48:I49) -> 0 | ... K50: =SUM(K48:K49) -> 0 | L50: =SUM(B50:K50) -> 0
A52: TOTAL BUDGET | B52: =B21+B50 -> 0 | C52: =C21+C50 -> 0 | D52: =D21+D50 -> 0 | E52: =E21+E50 -> 0 | F52: =F21+F50 -> 0 | G52: =G21+G50 -> 0 | H52: =H21+H50 -> 0 | I52: =I21+I50 -> 0 | ... L52: =L21+L50 -> 0
A54: Payment Schedule - Cash Flow
B56: 2023 | C56: =+B56+1 -> 2024 | D56: =+C56+1 -> 2025 | E56: =+D56+1 -> 2026 | F56: =+E56+1 -> 2027 | G56: =+F56+1 -> 2028 | H56: =+G56+1 -> 2029 | I56: =+H56+1 -> 2030 | J56: =+I56+1 -> 2031 | K56: =+J56+1 -> 2032 | L56: TOTAL
A57: Un-spent funds previous years | B57: 0 | C57: =+B62 -> 0 | D57: =+C62 -> 0 | E57: =+D62 -> 0 | F57: =+E62 -> 0 | G57: =+F62 -> 0 | H57: =+G62 -> 0 | I57: =+H62 -> 0 | J57: =+I62 -> 0 | K57: =+J62 -> 0
A58: Yearly budget | B58: =B21 -> 0 | C58: =C21 -> 0 | D58: =D21 -> 0 | E58: =E21 -> 0 | F58: =F21 -> 0 | G58: =G21 -> 0 | H58: =H21 -> 0 | I58: =I21 -> 0 | ... K58: =K21 -> 0
A59: Annual payment plan | B59: =IF(B60>0,B60,+B58-B57) -> 0 | C59: =IF(C60>0,C60,+C58-C57) -> 0 | D59: =IF(D60>0,D60,+D58-D57) -> 0 | E59: =IF(E60>0,E60,+E58-E57) -> 0 | F59: =IF(F60>0,F60,+F58-F57) -> 0 | G59: =IF(G60>0,G60,+G58-G57) -> 0 | H59: =IF(H60>0,H60,+H58-H57) -> 0 | I59: =IF(I60>0,I60,+I58-I57) -> 0 | ... K59: =IF(K60>0,K60,+K58-K57) -> 0 | L59: =SUM(B59:K59) -> 0
A60: Manuel korrektion udbetalinger
A61: Annual expenses | B61: =B28 -> 0 | C61: =C28 -> 0 | D61: =D28 -> 0 | E61: =E28 -> 0 | F61: =F28 -> 0 | G61: =G28 -> 0 | H61: =H28 -> 0 | I61: =I28 -> 0 | ... K61: =K28 -> 0 | L61: =SUM(B61:K61) -> 0
A62: Deducted from next year’s budget | B62: =B58-B61 -> 0 | C62: =+(C59+B62)-C61 -> 0 | D62: =+(D59+C62)-D61 -> 0 | E62: =+(E59+D62)-E61 -> 0 | F62: =+(F59+E62)-F61 -> 0 | G62: =+(G59+F62)-G61 -> 0 | H62: =+(H59+G62)-H61 -> 0 | I62: =+(I59+H62)-I61 -> 0 | J62: =+(J59+I62)-J61 -> 0 | K62: =+(K59+J62)-K61 -> 0
A63: Payments vs. expenses incurred | L63: =+L59-L61 -> 0
C65: =+IF(C61>C58,"FEJL","") | D65: =+IF(D61>D58,"FEJL","") | E65: =+IF(E61>E58,"FEJL","") | F65: =+IF(F61>F58,"FEJL","") | G65: =+IF(G61>G58,"FEJL","") | H65: =+IF(H61>H58,"FEJL","") | I65: =+IF(I61>I58,"FEJL","") | J65: =+IF(J61>J58,"FEJL","") | K65: =+IF(K61>K58,"FEJL","")

Sheet 2023
B2: Regnskabsår | C2: 2023
B4: Kommentarer til regnskab/budget
A5: =+"Regnskab og Budget – "&Overview!B4 -> Regnskab og Budget – | B5: Bevillingshaver | C5: CSLT | D5: =+"Realiseret "&C2 -> Realiseret 2023 | G5: =+"Budget "&C2 -> Budget 2023 | J5: Forskel
D6: Antal Mdr. | E6: Rate i DKK | F6: TOTAL DKK | G6: Antal Mdr. | H6: Rate i DKK | I6: TOTAL DKK | J6: TOTAL DKK
A7: LØN
A8: Arbejdspakke 1
A9: Titel og navn | F9: =D9*E9 -> 0 | I9: =G9*H9 -> 0 | J9: =+F9-I9 -> 0
A10: Titel og navn | F10: =D10*E10 -> 0 | I10: =G10*H10 -> 0 | J10: =+F10-I10 -> 0
A11: Titel og navn | F11: =D11*E11 -> 0 | I11: =G11*H11 -> 0 | J11: =+F11-I11 -> 0
A12: Titel og navn | F12: =D12*E12 -> 0 | I12: =G12*H12 -> 0 | J12: =+F12-I12 -> 0
A13: Titel og navn | F13: =D13*E13 -> 0 | I13: =G13*H13 -> 0 | J13: =+F13-I13 -> 0
A14: Titel og navn | F14: =D14*E14 -> 0 | I14: =G14*H14 -> 0 | J14: =+F14-I14 -> 0
A15: Titel og navn | F15: =D15*E15 -> 0 | I15: =G15*H15 -> 0 | J15: =+F15-I15 -> 0
A16: Titel og navn | F16: =D16*E16 -> 0 | I16: =G16*H16 -> 0 | J16: =+F16-I16 -> 0
A17: Titel og navn | F17: =D17*E17 -> 0 | I17: =G17*H17 -> 0 | J17: =+F17-I17 -> 0
A18: Titel og navn | F18: =D18*E18 -> 0 | I18: =G18*H18 -> 0 | J18: =+F18-I18 -> 0
A19: =+A8&" total" -> Arbejdspakke 1 total | D19: =SUM(D9:D18) -> 0 | F19: =SUM(F9:F18) -> 0 | G19: =SUM(G9:G18) -> 0 | I19: =SUM(I9:I18) -> 0 | J19: =SUM(J9:J18) -> 0
A21: Arbejdspakke 2
A22: Titel og navn | F22: =D22*E22 -> 0 | I22: =G22*H22 -> 0 | J22: =+F22-I22 -> 0
A23: Titel og navn | F23: =D23*E23 -> 0 | I23: =G23*H23 -> 0 | J23: =+F23-I23 -> 0
A24: Titel og navn | F24: =D24*E24 -> 0 | I24: =G24*H24 -> 0 | J24: =+F24-I24 -> 0
A25: Titel og navn | F25: =D25*E25 -> 0 | I25: =G25*H25 -> 0 | J25: =+F25-I25 -> 0
A26: Titel og navn | F26: =D26*E26 -> 0 | I26: =G26*H26 -> 0 | J26: =+F26-I26 -> 0
A27: Titel og navn | F27: =D27*E27 -> 0 | I27: =G27*H27 -> 0 | J27: =+F27-I27 -> 0
A28: Titel og navn | F28: =D28*E28 -> 0 | I28: =G28*H28 -> 0 | J28: =+F28-I28 -> 0
A29: Titel og navn | F29: =D29*E29 -> 0 | I29: =G29*H29 -> 0 | J29: =+F29-I29 -> 0
A30: Titel og navn | F30: =D30*E30 -> 0 | I30: =G30*H30 -> 0 | J30: =+F30-I30 -> 0
A31: Titel og navn | F31: =D31*E31 -> 0 | I31: =G31*H31 -> 0 | J31: =+F31-I31 -> 0
A32: =+A21&" total" -> Arbejdspakke 2 total | D32: =SUM(D22:D31) -> 0 | F32: =SUM(F22:F31) -> 0 | G32: =SUM(G22:G31) -> 0 | I32: =SUM(I22:I31) -> 0 | J32: =SUM(J22:J31) -> 0
A34: Arbejdspakke 3
A35: Titel og navn | F35: =D35*E35 -> 0 | I35: =G35*H35 -> 0 | J35: =+F35-I35 -> 0
A36: Titel og navn | F36: =D36*E36 -> 0 | I36: =G36*H36 -> 0 | J36: =+F36-I36 -> 0
A37: Titel og navn | F37: =D37*E37 -> 0 | I37: =G37*H37 -> 0 | J37: =+F37-I37 -> 0
A38: Titel og navn | F38: =D38*E38 -> 0 | I38: =G38*H38 -> 0 | J38: =+F38-I38 -> 0
A39: Titel og navn | F39: =D39*E39 -> 0 | I39: =G39*H39 -> 0 | J39: =+F39-I39 -> 0
A40: Titel og navn | F40: =D40*E40 -> 0 | I40: =G40*H40 -> 0 | J40: =+F40-I40 -> 0
A41: Titel og navn | F41: =D41*E41 -> 0 | I41: =G41*H41 -> 0 | J41: =+F41-I41 -> 0
A42: Titel og navn | F42: =D42*E42 -> 0 | I42: =G42*H42 -> 0 | J42: =+F42-I42 -> 0
A43: Titel og navn | F43: =D43*E43 -> 0 | I43: =G43*H43 -> 0 | J43: =+F43-I43 -> 0
A44: Titel og navn | F44: =D44*E44 -> 0 | I44: =G44*H44 -> 0 | J44: =+F44-I44 -> 0
A45: =+A34&" total" -> Arbejdspakke 3 total | D45: =SUM(D35:D44) -> 0 | F45: =SUM(F35:F44) -> 0 | G45: =SUM(G35:G44) -> 0 | I45: =SUM(I35:I44) -> 0 | J45: =SUM(J35:J44) -> 0
A47: LØN TOTAL | D47: =D19+D32+D45 -> 0 | F47: =F19+F32+F45 -> 0 | G47: =G19+G32+G45 -> 0 | I47: =I19+I32+I45 -> 0 | J47: =J19+J32+J45 -> 0
A49: DRIFT | D49: Antal | E49: Beløb | G49: Antal | H49: Beløb
A50: Rejser, studieture og faglige netværksaktiviteter | F50: =D50*E50 -> 0 | I50: =G50*H50 -> 0 | J50: =+F50-I50 -> 0
A51: Møder, seminarer, workshops og konferencer | F51: =D51*E51 -> 0 | I51: =G51*H51 -> 0 | J51: =+F51-I51 -> 0
A52: Kommunikation og formidling | F52: =D52*E52 -> 0 | I52: =G52*H52 -> 0 | J52: =+F52-I52 -> 0
A53: Publikationer og Open Access | F53: =D53*E53 -> 0 | I53: =G53*H53 -> 0 | J53: =+F53-I53 -> 0
A54: Indkøb af udstyr, software og materialer | F54: =D54*E54 -> 0 | I54: =G54*H54 -> 0 | J54: =+F54-I54 -> 0
A55: Produktion og udvikling af materialer | F55: =D55*E55 -> 0 | I55: =G55*H55 -> 0 | J55: =+F55-I55 -> 0
A56: Konsulent- og rådgivningsydelser | F56: =D56*E56 -> 0 | I56: =G56*H56 -> 0 | J56: =+F56-I56 -> 0
A57: Markedsføring og profilering | F57: =D57*E57 -> 0 | I57: =G57*H57 -> 0 | J57: =+F57-I57 -> 0
A58: Indsæt yderligere udgiftstype | F58: =D58*E58 -> 0 | I58: =G58*H58 -> 0 | J58: =+F58-I58 -> 0
A59: Indsæt yderligere udgiftstype | F59: =D59*E59 -> 0 | I59: =G59*H59 -> 0 | J59: =+F59-I59 -> 0
A60: Indsæt yderligere udgiftstype | F60: =D60*E60 -> 0 | I60: =G60*H60 -> 0 | J60: =+F60-I60 -> 0
A61: Indsæt yderligere udgiftstype | F61: =D61*E61 -> 0 | I61: =G61*H61 -> 0 | J61: =+F61-I61 -> 0
... A69: Indsæt yderligere udgiftstype | F69: =D69*E69 -> 0 | I69: =G69*H69 -> 0 | J69: =+F69-I69 -> 0
A71: DRIFT TOTAL | F71: =SUM(F50:F69) -> 0 | I71: =SUM(I50:I69) -> 0 | J71: =SUM(J50:J69) -> 0
A73: TOTAL LØN OG DRIFT | F73: =F71+F47 -> 0 | I73: =I71+I47 -> 0 | J73: =+F73-I73 -> 0
A75: Administrationsbidrag (5%) | F75: =0.05*(1)*F73 -> 0 | I75: =0.05*(1)*I73 -> 0 | J75: =+F75-I75 -> 0
A77: GRAND TOTAL - DKK | F77: =F47+F71+F75 -> 0 | I77: =I47+I71+I75 -> 0 | J77: =+F77-I77 -> 0

Sheet 2024
B2: Regnskabsår | C2: 2024
B4: Kommentarer til regnskab
A5: =+"Regnskab og Budget – "&Overview!B4 -> Regnskab og Budget – | B5: Bevillingshaver | C5: CSLT | D5: =+"Realiseret "&C2 -> Realiseret 2024 | G5: =+"Budget "&C2 -> Budget 2024 | J5: Forskel
D6: Antal Mdr. | E6: Rate i DKK | F6: TOTAL DKK | G6: Antal Mdr. | H6: Rate i DKK | I6: TOTAL DKK | J6: TOTAL DKK
A7: LØN
A8: Arbejdspakke 1
A9: Titel og navn | F9: =D9*E9 -> 0 | I9: =G9*H9 -> 0 | J9: =+F9-I9 -> 0
A10: Titel og navn | F10: =D10*E10 -> 0 | I10: =G10*H10 -> 0 | J10: =+F10-I10 -> 0
A11: Titel og navn | F11: =D11*E11 -> 0 | I11: =G11*H11 -> 0 | J11: =+F11-I11 -> 0
A12: Titel og navn | F12: =D12*E12 -> 0 | I12: =G12*H12 -> 0 | J12: =+F12-I12 -> 0
A13: Titel og navn | F13: =D13*E13 -> 0 | I13: =G13*H13 -> 0 | J13: =+F13-I13 -> 0
A14: Titel og navn | F14: =D14*E14 -> 0 | I14: =G14*H14 -> 0 | J14: =+F14-I14 -> 0
A15: Titel og navn | F15: =D15*E15 -> 0 | I15: =G15*H15 -> 0 | J15: =+F15-I15 -> 0
A16: Titel og navn | F16: =D16*E16 -> 0 | I16: =G16*H16 -> 0 | J16: =+F16-I16 -> 0
A17: Titel og navn | F17: =D17*E17 -> 0 | I17: =G17*H17 -> 0 | J17: =+F17-I17 -> 0
A18: Titel og navn | F18: =D18*E18 -> 0 | I18: =G18*H18 -> 0 | J18: =+F18-I18 -> 0
A19: =+A8&" total" -> Arbejdspakke 1 total | D19: =SUM(D9:D18) -> 0 | F19: =SUM(F9:F18) -> 0 | G19: =SUM(G9:G18) -> 0 | I19: =SUM(I9:I18) -> 0 | J19: =SUM(J9:J18) -> 0
A21: Arbejdspakke 2
A22: Titel og navn | F22: =D22*E22 -> 0 | I22: =G22*H22 -> 0 | J22: =+F22-I22 -> 0
A23: Titel og navn | F23: =D23*E23 -> 0 | I23: =G23*H23 -> 0 | J23: =+F23-I23 -> 0
A24: Titel og navn | F24: =D24*E24 -> 0 | I24: =G24*H24 -> 0 | J24: =+F24-I24 -> 0
A25: Titel og navn | F25: =D25*E25 -> 0 | I25: =G25*H25 -> 0 | J25: =+F25-I25 -> 0
A26: Titel og navn | F26: =D26*E26 -> 0 | I26: =G26*H26 -> 0 | J26: =+F26-I26 -> 0
A27: Titel og navn | F27: =D27*E27 -> 0 | I27: =G27*H27 -> 0 | J27: =+F27-I27 -> 0
A28: Titel og navn | F28: =D28*E28 -> 0 | I28: =G28*H28 -> 0 | J28: =+F28-I28 -> 0
A29: Titel og navn | F29: =D29*E29 -> 0 | I29: =G29*H29 -> 0 | J29: =+F29-I29 -> 0
A30: Titel og navn | F30: =D30*E30 -> 0 | I30: =G30*H30 -> 0 | J30: =+F30-I30 -> 0
A31: Titel og navn | F31: =D31*E31 -> 0 | I31: =G31*H31 -> 0 | J31: =+F31-I31 -> 0
A32: =+A21&" total" -> Arbejdspakke 2 total | D32: =SUM(D22:D31) -> 0 | F32: =SUM(F22:F31) -> 0 | G32: =SUM(G22:G31) -> 0 | I32: =SUM(I22:I31) -> 0 | J32: =SUM(J22:J31) -> 0
A34: Arbejdspakke 3
A35: Titel og navn | F35: =D35*E35 -> 0 | I35: =G35*H35 -> 0 | J35: =+F35-I35 -> 0
A36: Titel og navn | F36: =D36*E36 -> 0 | I36: =G36*H36 -> 0 | J36: =+F36-I36 -> 0
A37: Titel og navn | F37: =D37*E37 -> 0 | I37: =G37*H37 -> 0 | J37: =+F37-I37 -> 0
A38: Titel og navn | F38: =D38*E38 -> 0 | I38: =G38*H38 -> 0 | J38: =+F38-I38 -> 0
A39: Titel og navn | F39: =D39*E39 -> 0 | I39: =G39*H39 -> 0 | J39: =+F39-I39 -> 0
A40: Titel og navn | F40: =D40*E40 -> 0 | I40: =G40*H40 -> 0 | J40: =+F40-I40 -> 0
A41: Titel og navn | F41: =D41*E41 -> 0 | I41: =G41*H41 -> 0 | J41: =+F41-I41 -> 0
A42: Titel og navn | F42: =D42*E42 -> 0 | I42: =G42*H42 -> 0 | J42: =+F42-I42 -> 0
A43: Titel og navn | F43: =D43*E43 -> 0 | I43: =G43*H43 -> 0 | J43: =+F43-I43 -> 0
A44: Titel og navn | F44: =D44*E44 -> 0 | I44: =G44*H44 -> 0 | J44: =+F44-I44 -> 0
A45: =+A34&" total" -> Arbejdspakke 3 total | D45: =SUM(D35:D44) -> 0 | F45: =SUM(F35:F44) -> 0 | G45: =SUM(G35:G44) -> 0 | I45: =SUM(I35:I44) -> 0 | J45: =SUM(J35:J44) -> 0
A47: LØN TOTAL | D47: =D19+D32+D45 -> 0 | F47: =F19+F32+F45 -> 0 | G47: =G19+G32+G45 -> 0 | I47: =I19+I32+I45 -> 0 | J47: =J19+J32+J45 -> 0
A49: DRIFT | D49: Antal | E49: Beløb | G49: Antal | H49: Beløb
A50: Rejser, studieture og faglige netværksaktiviteter | F50: =D50*E50 -> 0 | I50: =G50*H50 -> 0 | J50: =+F50-I50 -> 0
A51: Møder, seminarer, workshops og konferencer | F51: =D51*E51 -> 0 | I51: =G51*H51 -> 0 | J51: =+F51-I51 -> 0
A52: Kommunikation og formidling | F52: =D52*E52 -> 0 | I52: =G52*H52 -> 0 | J52: =+F52-I52 -> 0
A53: Publikationer og Open Access | F53: =D53*E53 -> 0 | I53: =G53*H53 -> 0 | J53: =+F53-I53 -> 0
A54: Indkøb af udstyr, software og materialer | F54: =D54*E54 -> 0 | I54: =G54*H54 -> 0 | J54: =+F54-I54 -> 0
A55: Produktion og udvikling af materialer | F55: =D55*E55 -> 0 | I55: =G55*H55 -> 0 | J55: =+F55-I55 -> 0
A56: Konsulent- og rådgivningsydelser | F56: =D56*E56 -> 0 | I56: =G56*H56 -> 0 | J56: =+F56-I56 -> 0
A57: Markedsføring og profilering | F57: =D57*E57 -> 0 | I57: =G57*H57 -> 0 | J57: =+F57-I57 -> 0
A58: Indsæt yderligere udgiftstype | F58: =D58*E58 -> 0 | I58: =G58*H58 -> 0 | J58: =+F58-I58 -> 0
A59: Indsæt yderligere udgiftstype | F59: =D59*E59 -> 0 | I59: =G59*H59 -> 0 | J59: =+F59-I59 -> 0
A60: Indsæt yderligere udgiftstype | F60: =D60*E60 -> 0 | I60: =G60*H60 -> 0 | J60: =+F60-I60 -> 0
A61: Indsæt yderligere udgiftstype | F61: =D61*E61 -> 0 | I61: =G61*H61 -> 0 | J61: =+F61-I61 -> 0
... A69: Indsæt yderligere udgiftstype | F69: =D69*E69 -> 0 | I69: =G69*H69 -> 0 | J69: =+F69-I69 -> 0
A71: DRIFT TOTAL | F71: =SUM(F50:F69) -> 0 | I71: =SUM(I50:I69) -> 0 | J71: =SUM(J50:J69) -> 0
A73: TOTAL LØN OG DRIFT | F73: =F71+F47 -> 0 | I73: =I71+I47 -> 0 | J73: =+F73-I73 -> 0
A75: Administrationsbidrag (5%) | F75: =0.05*(1)*F73 -> 0 | I75: =0.05*(1)*I73 -> 0 | J75: =+F75-I75 -> 0
A77: GRAND TOTAL - DKK | F77: =F47+F71+F75 -> 0 | I77: =I47+I71+I75 -> 0 | J77: =+F77-I77 -> 0

Sheet 2025
B2: Regnskabsår | C2: 2025
B4: Kommentarer til regnskab
A5: =+"Regnskab og Budget – "&Overview!B4 -> Regnskab og Budget – | B5: Bevillingshaver | C5: CSLT | D5: =+"Realiseret "&C2 -> Realiseret 2025 | G5: =+"Budget "&C2 -> Budget 2025 | J5: Forskel
D6: Antal Mdr. | E6: Rate i DKK | F6: TOTAL DKK | G6: Antal Mdr. | H6: Rate i DKK | I6: TOTAL DKK | J6: TOTAL DKK
A7: LØN
A8: Arbejdspakke 1
A9: Titel og navn | F9: =D9*E9 -> 0 | I9: =G9*H9 -> 0 | J9: =+F9-I9 -> 0
A10: Titel og navn | F10: =D10*E10 -> 0 | I10: =G10*H10 -> 0 | J10: =+F10-I10 -> 0
A11: Titel og navn | F11: =D11*E11 -> 0 | I11: =G11*H11 -> 0 | J11: =+F11-I11 -> 0
A12: Titel og navn | F12: =D12*E12 -> 0 | I12: =G12*H12 -> 0 | J12: =+F12-I12 -> 0
A13: Titel og navn | F13: =D13*E13 -> 0 | I13: =G13*H13 -> 0 | J13: =+F13-I13 -> 0
A14: Titel og navn | F14: =D14*E14 -> 0 | I14: =G14*H14 -> 0 | J14: =+F14-I14 -> 0
A15: Titel og navn | F15: =D15*E15 -> 0 | I15: =G15*H15 -> 0 | J15: =+F15-I15 -> 0
A16: Titel og navn | F16: =D16*E16 -> 0 | I16: =G16*H16 -> 0 | J16: =+F16-I16 -> 0
A17: Titel og navn | F17: =D17*E17 -> 0 | I17: =G17*H17 -> 0 | J17: =+F17-I17 -> 0
A18: Titel og navn | F18: =D18*E18 -> 0 | I18: =G18*H18 -> 0 | J18: =+F18-I18 -> 0
A19: =+A8&" total" -> Arbejdspakke 1 total | D19: =SUM(D9:D18) -> 0 | F19: =SUM(F9:F18) -> 0 | G19: =SUM(G9:G18) -> 0 | I19: =SUM(I9:I18) -> 0 | J19: =SUM(J9:J18) -> 0
A21: Arbejdspakke 2
A22: Titel og navn | F22: =D22*E22 -> 0 | I22: =G22*H22 -> 0 | J22: =+F22-I22 -> 0
A23: Titel og navn | F23: =D23*E23 -> 0 | I23: =G23*H23 -> 0 | J23: =+F23-I23 -> 0
A24: Titel og navn | F24: =D24*E24 -> 0 | I24: =G24*H24 -> 0 | J24: =+F24-I24 -> 0
A25: Titel og navn | F25: =D25*E25 -> 0 | I25: =G25*H25 -> 0 | J25: =+F25-I25 -> 0
A26: Titel og navn | F26: =D26*E26 -> 0 | I26: =G26*H26 -> 0 | J26: =+F26-I26 -> 0
A27: Titel og navn | F27: =D27*E27 -> 0 | I27: =G27*H27 -> 0 | J27: =+F27-I27 -> 0
A28: Titel og navn | F28: =D28*E28 -> 0 | I28: =G28*H28 -> 0 | J28: =+F28-I28 -> 0
A29: Titel og navn | F29: =D29*E29 -> 0 | I29: =G29*H29 -> 0 | J29: =+F29-I29 -> 0
A30: Titel og navn | F30: =D30*E30 -> 0 | I30: =G30*H30 -> 0 | J30: =+F30-I30 -> 0
A31: Titel og navn | F31: =D31*E31 -> 0 | I31: =G31*H31 -> 0 | J31: =+F31-I31 -> 0
A32: =+A21&" total" -> Arbejdspakke 2 total | D32: =SUM(D22:D31) -> 0 | F32: =SUM(F22:F31) -> 0 | G32: =SUM(G22:G31) -> 0 | I32: =SUM(I22:I31) -> 0 | J32: =SUM(J22:J31) -> 0
A34: Arbejdspakke 3
A35: Titel og navn | F35: =D35*E35 -> 0 | I35: =G35*H35 -> 0 | J35: =+F35-I35 -> 0
A36: Titel og navn | F36: =D36*E36 -> 0 | I36: =G36*H36 -> 0 | J36: =+F36-I36 -> 0
A37: Titel og navn | F37: =D37*E37 -> 0 | I37: =G37*H37 -> 0 | J37: =+F37-I37 -> 0
A38: Titel og navn | F38: =D38*E38 -> 0 | I38: =G38*H38 -> 0 | J38: =+F38-I38 -> 0
A39: Titel og navn | F39: =D39*E39 -> 0 | I39: =G39*H39 -> 0 | J39: =+F39-I39 -> 0
A40: Titel og navn | F40: =D40*E40 -> 0 | I40: =G40*H40 -> 0 | J40: =+F40-I40 -> 0
A41: Titel og navn | F41: =D41*E41 -> 0 | I41: =G41*H41 -> 0 | J41: =+F41-I41 -> 0
A42: Titel og navn | F42: =D42*E42 -> 0 | I42: =G42*H42 -> 0 | J42: =+F42-I42 -> 0
A43: Titel og navn | F43: =D43*E43 -> 0 | I43: =G43*H43 -> 0 | J43: =+F43-I43 -> 0
A44: Titel og navn | F44: =D44*E44 -> 0 | I44: =G44*H44 -> 0 | J44: =+F44-I44 -> 0
A45: =+A34&" total" -> Arbejdspakke 3 total | D45: =SUM(D35:D44) -> 0 | F45: =SUM(F35:F44) -> 0 | G45: =SUM(G35:G44) -> 0 | I45: =SUM(I35:I44) -> 0 | J45: =SUM(J35:J44) -> 0
A47: LØN TOTAL | D47: =D19+D32+D45 -> 0 | F47: =F19+F32+F45 -> 0 | G47: =G19+G32+G45 -> 0 | I47: =I19+I32+I45 -> 0 | J47: =J19+J32+J45 -> 0
A49: DRIFT | D49: Antal | E49: Beløb | G49: Antal | H49: Beløb
A50: Rejser, studieture og faglige netværksaktiviteter | F50: =D50*E50 -> 0 | I50: =G50*H50 -> 0 | J50: =+F50-I50 -> 0
A51: Møder, seminarer, workshops og konferencer | F51: =D51*E51 -> 0 | I51: =G51*H51 -> 0 | J51: =+F51-I51 -> 0
A52: Kommunikation og formidling | F52: =D52*E52 -> 0 | I52: =G52*H52 -> 0 | J52: =+F52-I52 -> 0
A53: Publikationer og Open Access | F53: =D53*E53 -> 0 | I53: =G53*H53 -> 0 | J53: =+F53-I53 -> 0
A54: Indkøb af udstyr, software og materialer | F54: =D54*E54 -> 0 | I54: =G54*H54 -> 0 | J54: =+F54-I54 -> 0
A55: Produktion og udvikling af materialer | F55: =D55*E55 -> 0 | I55: =G55*H55 -> 0 | J55: =+F55-I55 -> 0
A56: Konsulent- og rådgivningsydelser | F56: =D56*E56 -> 0 | I56: =G56*H56 -> 0 | J56: =+F56-I56 -> 0
A57: Markedsføring og profilering | F57: =D57*E57 -> 0 | I57: =G57*H57 -> 0 | J57: =+F57-I57 -> 0
A58: Indsæt yderligere udgiftstype | F58: =D58*E58 -> 0 | I58: =G58*H58 -> 0 | J58: =+F58-I58 -> 0
A59: Indsæt yderligere udgiftstype | F59: =D59*E59 -> 0 | I59: =G59*H59 -> 0 | J59: =+F59-I59 -> 0
A60: Indsæt yderligere udgiftstype | F60: =D60*E60 -> 0 | I60: =G60*H60 -> 0 | J60: =+F60-I60 -> 0
A61: Indsæt yderligere udgiftstype | F61: =D61*E61 -> 0 | I61: =G61*H61 -> 0 | J61: =+F61-I61 -> 0
... A69: Indsæt yderligere udgiftstype | F69: =D69*E69 -> 0 | I69: =G69*H69 -> 0 | J69: =+F69-I69 -> 0
A71: DRIFT TOTAL | F71: =SUM(F50:F69) -> 0 | I71: =SUM(I50:I69) -> 0 | J71: =SUM(J50:J69) -> 0
A73: TOTAL LØN OG DRIFT | F73: =F71+F47 -> 0 | I73: =I71+I47 -> 0 | J73: =+F73-I73 -> 0
A75: Administrationsbidrag (5%) | F75: =0.05*(1.05263157894737)*F73 -> 0 | I75: =0.05*(1.05263157894737)*I73 -> 0 | J75: =+F75-I75 -> 0
A77: GRAND TOTAL - DKK | F77: =F47+F71+F75 -> 0 | I77: =I47+I71+I75 -> 0 | J77: =+F77-I77 -> 0

Sheet 2026
B2: Financial Year | C2: 2026
A5: =+"Budget & Financial Reporting – "&Overview!E4 -> Budget & Financial Reporting – | B5: Comments - Grant Holder | C5: Comments - Centre for Childhood Health | D5: =+"Expenses "&C2 -> Expenses 2026 | G5: =+"Budget "&C2 -> Budget 2026 | J5: Difference
D6: Months | E6: Rate in DKK | F6: TOTAL DKK | G6: Months | H6: Rate in DKK | I6: TOTAL DKK | J6: TOTAL DKK
A7: SALARIES
A8: Work Package 1
A9: Title and name | F9: =D9*E9 -> 0 | I9: =G9*H9 -> 0 | J9: =+F9-I9 -> 0
A10: Title and name | F10: =D10*E10 -> 0 | I10: =G10*H10 -> 0 | J10: =+F10-I10 -> 0
A11: Title and name | F11: =D11*E11 -> 0 | I11: =G11*H11 -> 0 | J11: =+F11-I11 -> 0
A12: Title and name | F12: =D12*E12 -> 0 | I12: =G12*H12 -> 0 | J12: =+F12-I12 -> 0
A13: Title and name | F13: =D13*E13 -> 0 | I13: =G13*H13 -> 0 | J13: =+F13-I13 -> 0
A14: Title and name | F14: =D14*E14 -> 0 | I14: =G14*H14 -> 0 | J14: =+F14-I14 -> 0
A15: Title and name | F15: =D15*E15 -> 0 | I15: =G15*H15 -> 0 | J15: =+F15-I15 -> 0
A16: Title and name | F16: =D16*E16 -> 0 | I16: =G16*H16 -> 0 | J16: =+F16-I16 -> 0
A17: Title and name | F17: =D17*E17 -> 0 | I17: =G17*H17 -> 0 | J17: =+F17-I17 -> 0
A18: Title and name | F18: =D18*E18 -> 0 | I18: =G18*H18 -> 0 | J18: =+F18-I18 -> 0
A19: =+A8&" total" -> Work Package 1 total | D19: =SUM(D9:D18) -> 0 | F19: =SUM(F9:F18) -> 0 | G19: =SUM(G9:G18) -> 0 | I19: =SUM(I9:I18) -> 0 | J19: =SUM(J9:J18) -> 0
A21: Work Package 2
A22: Title and name | F22: =D22*E22 -> 0 | I22: =G22*H22 -> 0 | J22: =+F22-I22 -> 0
A23: Title and name | F23: =D23*E23 -> 0 | I23: =G23*H23 -> 0 | J23: =+F23-I23 -> 0
A24: Title and name | F24: =D24*E24 -> 0 | I24: =G24*H24 -> 0 | J24: =+F24-I24 -> 0
A25: Title and name | F25: =D25*E25 -> 0 | I25: =G25*H25 -> 0 | J25: =+F25-I25 -> 0
A26: Title and name | F26: =D26*E26 -> 0 | I26: =G26*H26 -> 0 | J26: =+F26-I26 -> 0
A27: Title and name | F27: =D27*E27 -> 0 | I27: =G27*H27 -> 0 | J27: =+F27-I27 -> 0
A28: Title and name | F28: =D28*E28 -> 0 | I28: =G28*H28 -> 0 | J28: =+F28-I28 -> 0
A29: Title and name | F29: =D29*E29 -> 0 | I29: =G29*H29 -> 0 | J29: =+F29-I29 -> 0
A30: Title and name | F30: =D30*E30 -> 0 | I30: =G30*H30 -> 0 | J30: =+F30-I30 -> 0
A31: Title and name | F31: =D31*E31 -> 0 | I31: =G31*H31 -> 0 | J31: =+F31-I31 -> 0
A32: =+A21&" total" -> Work Package 2 total | D32: =SUM(D22:D31) -> 0 | F32: =SUM(F22:F31) -> 0 | G32: =SUM(G22:G31) -> 0 | I32: =SUM(I22:I31) -> 0 | J32: =SUM(J22:J31) -> 0
A34: Work Package 3
A35: Title and name | F35: =D35*E35 -> 0 | I35: =G35*H35 -> 0 | J35: =+F35-I35 -> 0
A36: Title and name | F36: =D36*E36 -> 0 | I36: =G36*H36 -> 0 | J36: =+F36-I36 -> 0
A37: Title and name | F37: =D37*E37 -> 0 | I37: =G37*H37 -> 0 | J37: =+F37-I37 -> 0
A38: Title and name | F38: =D38*E38 -> 0 | I38: =G38*H38 -> 0 | J38: =+F38-I38 -> 0
A39: Title and name | F39: =D39*E39 -> 0 | I39: =G39*H39 -> 0 | J39: =+F39-I39 -> 0
A40: Title and name | F40: =D40*E40 -> 0 | I40: =G40*H40 -> 0 | J40: =+F40-I40 -> 0
A41: Title and name | F41: =D41*E41 -> 0 | I41: =G41*H41 -> 0 | J41: =+F41-I41 -> 0
A42: Title and name | F42: =D42*E42 -> 0 | I42: =G42*H42 -> 0 | J42: =+F42-I42 -> 0
A43: Title and name | F43: =D43*E43 -> 0 | I43: =G43*H43 -> 0 | J43: =+F43-I43 -> 0
A44: Title and name | F44: =D44*E44 -> 0 | I44: =G44*H44 -> 0 | J44: =+F44-I44 -> 0
A45: =+A34&" total" -> Work Package 3 total | D45: =SUM(D35:D44) -> 0 | F45: =SUM(F35:F44) -> 0 | G45: =SUM(G35:G44) -> 0 | I45: =SUM(I35:I44) -> 0 | J45: =SUM(J35:J44) -> 0
A47: SALARIES TOTAL | D47: =D19+D32+D45 -> 0 | F47: =F19+F32+F45 -> 0 | G47: =G19+G32+G45 -> 0 | I47: =I19+I32+I45 -> 0 | J47: =J19+J32+J45 -> 0
A49: OPERATING EXPENSES | D49: Antal | E49: Beløb | G49: Antal | H49: Beløb
A50: Travel, study trips and professional networking activities | F50: =D50*E50 -> 0 | I50: =G50*H50 -> 0 | J50: =+F50-I50 -> 0
A51: Meetings, seminars, workshops and conferences | F51: =D51*E51 -> 0 | I51: =G51*H51 -> 0 | J51: =+F51-I51 -> 0
A52: Communication and dissemination | F52: =D52*E52 -> 0 | I52: =G52*H52 -> 0 | J52: =+F52-I52 -> 0
A53: Publications and Open Access | F53: =D53*E53 -> 0 | I53: =G53*H53 -> 0 | J53: =+F53-I53 -> 0
A54: Purchase of equipment, software and materials | F54: =D54*E54 -> 0 | I54: =G54*H54 -> 0 | J54: =+F54-I54 -> 0
A55: Production and development of materials | F55: =D55*E55 -> 0 | I55: =G55*H55 -> 0 | J55: =+F55-I55 -> 0
A56: Consultancy and advisory services | F56: =D56*E56 -> 0 | I56: =G56*H56 -> 0 | J56: =+F56-I56 -> 0
A57: Marketing and promotion | F57: =D57*E57 -> 0 | I57: =G57*H57 -> 0 | J57: =+F57-I57 -> 0
A58: Add additional expense category | F58: =D58*E58 -> 0 | I58: =G58*H58 -> 0 | J58: =+F58-I58 -> 0
A59: Add additional expense category | F59: =D59*E59 -> 0 | I59: =G59*H59 -> 0 | J59: =+F59-I59 -> 0
A60: Add additional expense category | F60: =D60*E60 -> 0 | I60: =G60*H60 -> 0 | J60: =+F60-I60 -> 0
A61: Add additional expense category | F61: =D61*E61 -> 0 | I61: =G61*H61 -> 0 | J61: =+F61-I61 -> 0
... A69: Add additional expense category | F69: =D69*E69 -> 0 | I69: =G69*H69 -> 0 | J69: =+F69-I69 -> 0
A71: OPERATING EXPENSES TOTAL | F71: =SUM(F50:F69) -> 0 | I71: =SUM(I50:I69) -> 0 | J71: =SUM(J50:J69) -> 0
A73: TOTAL SALARIES AND OPERATING EXPENSES | F73: =F71+F47 -> 0 | I73: =I71+I47 -> 0 | J73: =+F73-I73 -> 0
A75: Administration Support (5%) | F75: =0.05*(1.05263157894737)*F73 -> 0 | I75: =0.05*(1.05263157894737)*I73 -> 0 | J75: =+F75-I75 -> 0
A77: GRAND TOTAL - DKK | F77: =F47+F71+F75 -> 0 | I77: =I47+I71+I75 -> 0 | J77: =+F77-I77 -> 0

Sheet 2027
B2: Financial Year | C2: 2027
A5: =+"Budget & Financial Reporting – "&Overview!E4 -> Budget & Financial Reporting – | B5: Comments - Grant Holder | C5: Comments - Centre for Childhood Health | D5: =+"Expenses "&C2 -> Expenses 2027 | G5: =+"Budget "&C2 -> Budget 2027 | J5: Difference
D6: Months | E6: Rate in DKK | F6: TOTAL DKK | G6: Months | H6: Rate in DKK | I6: TOTAL DKK | J6: TOTAL DKK
A7: SALARIES
A8: Work Package 1
A9: Title and name | F9: =D9*E9 -> 0 | I9: =G9*H9 -> 0 | J9: =+F9-I9 -> 0
A10: Title and name | F10: =D10*E10 -> 0 | I10: =G10*H10 -> 0 | J10: =+F10-I10 -> 0
A11: Title and name | F11: =D11*E11 -> 0 | I11: =G11*H11 -> 0 | J11: =+F11-I11 -> 0
A12: Title and name | F12: =D12*E12 -> 0 | I12: =G12*H12 -> 0 | J12: =+F12-I12 -> 0
A13: Title and name | F13: =D13*E13 -> 0 | I13: =G13*H13 -> 0 | J13: =+F13-I13 -> 0
A14: Title and name | F14: =D14*E14 -> 0 | I14: =G14*H14 -> 0 | J14: =+F14-I14 -> 0
A15: Title and name | F15: =D15*E15 -> 0 | I15: =G15*H15 -> 0 | J15: =+F15-I15 -> 0
A16: Title and name | F16: =D16*E16 -> 0 | I16: =G16*H16 -> 0 | J16: =+F16-I16 -> 0
A17: Title and name | F17: =D17*E17 -> 0 | I17: =G17*H17 -> 0 | J17: =+F17-I17 -> 0
A18: Title and name | F18: =D18*E18 -> 0 | I18: =G18*H18 -> 0 | J18: =+F18-I18 -> 0
A19: =+A8&" total" -> Work Package 1 total | D19: =SUM(D9:D18) -> 0 | F19: =SUM(F9:F18) -> 0 | G19: =SUM(G9:G18) -> 0 | I19: =SUM(I9:I18) -> 0 | J19: =SUM(J9:J18) -> 0
A21: Work Package 2
A22: Title and name | F22: =D22*E22 -> 0 | I22: =G22*H22 -> 0 | J22: =+F22-I22 -> 0
A23: Title and name | F23: =D23*E23 -> 0 | I23: =G23*H23 -> 0 | J23: =+F23-I23 -> 0
A24: Title and name | F24: =D24*E24 -> 0 | I24: =G24*H24 -> 0 | J24: =+F24-I24 -> 0
A25: Title and name | F25: =D25*E25 -> 0 | I25: =G25*H25 -> 0 | J25: =+F25-I25 -> 0
A26: Title and name | F26: =D26*E26 -> 0 | I26: =G26*H26 -> 0 | J26: =+F26-I26 -> 0
A27: Title and name | F27: =D27*E27 -> 0 | I27: =G27*H27 -> 0 | J27: =+F27-I27 -> 0
A28: Title and name | F28: =D28*E28 -> 0 | I28: =G28*H28 -> 0 | J28: =+F28-I28 -> 0
A29: Title and name | F29: =D29*E29 -> 0 | I29: =G29*H29 -> 0 | J29: =+F29-I29 -> 0
A30: Title and name | F30: =D30*E30 -> 0 | I30: =G30*H30 -> 0 | J30: =+F30-I30 -> 0
A31: Title and name | F31: =D31*E31 -> 0 | I31: =G31*H31 -> 0 | J31: =+F31-I31 -> 0
A32: =+A21&" total" -> Work Package 2 total | D32: =SUM(D22:D31) -> 0 | F32: =SUM(F22:F31) -> 0 | G32: =SUM(G22:G31) -> 0 | I32: =SUM(I22:I31) -> 0 | J32: =SUM(J22:J31) -> 0
A34: Work Package 3
A35: Title and name | F35: =D35*E35 -> 0 | I35: =G35*H35 -> 0 | J35: =+F35-I35 -> 0
A36: Title and name | F36: =D36*E36 -> 0 | I36: =G36*H36 -> 0 | J36: =+F36-I36 -> 0
A37: Title and name | F37: =D37*E37 -> 0 | I37: =G37*H37 -> 0 | J37: =+F37-I37 -> 0
A38: Title and name | F38: =D38*E38 -> 0 | I38: =G38*H38 -> 0 | J38: =+F38-I38 -> 0
A39: Title and name | F39: =D39*E39 -> 0 | I39: =G39*H39 -> 0 | J39: =+F39-I39 -> 0
A40: Title and name | F40: =D40*E40 -> 0 | I40: =G40*H40 -> 0 | J40: =+F40-I40 -> 0
A41: Title and name | F41: =D41*E41 -> 0 | I41: =G41*H41 -> 0 | J41: =+F41-I41 -> 0
A42: Title and name | F42: =D42*E42 -> 0 | I42: =G42*H42 -> 0 | J42: =+F42-I42 -> 0
A43: Title and name | F43: =D43*E43 -> 0 | I43: =G43*H43 -> 0 | J43: =+F43-I43 -> 0
A44: Title and name | F44: =D44*E44 -> 0 | I44: =G44*H44 -> 0 | J44: =+F44-I44 -> 0
A45: =+A34&" total" -> Work Package 3 total | D45: =SUM(D35:D44) -> 0 | F45: =SUM(F35:F44) -> 0 | G45: =SUM(G35:G44) -> 0 | I45: =SUM(I35:I44) -> 0 | J45: =SUM(J35:J44) -> 0
A47: SALARIES TOTAL | D47: =D19+D32+D45 -> 0 | F47: =F19+F32+F45 -> 0 | G47: =G19+G32+G45 -> 0 | I47: =I19+I32+I45 -> 0 | J47: =J19+J32+J45 -> 0
A49: OPERATING EXPENSES | D49: Antal | E49: Beløb | G49: Antal | H49: Beløb
A50: Travel, study trips and professional networking activities | F50: =D50*E50 -> 0 | I50: =G50*H50 -> 0 | J50: =+F50-I50 -> 0
A51: Meetings, seminars, workshops and conferences | F51: =D51*E51 -> 0 | I51: =G51*H51 -> 0 | J51: =+F51-I51 -> 0
A52: Communication and dissemination | F52: =D52*E52 -> 0 | I52: =G52*H52 -> 0 | J52: =+F52-I52 -> 0
A53: Publications and Open Access | F53: =D53*E53 -> 0 | I53: =G53*H53 -> 0 | J53: =+F53-I53 -> 0
A54: Purchase of equipment, software and materials | F54: =D54*E54 -> 0 | I54: =G54*H54 -> 0 | J54: =+F54-I54 -> 0
A55: Production and development of materials | F55: =D55*E55 -> 0 | I55: =G55*H55 -> 0 | J55: =+F55-I55 -> 0
A56: Consultancy and advisory services | F56: =D56*E56 -> 0 | I56: =G56*H56 -> 0 | J56: =+F56-I56 -> 0
A57: Marketing and promotion | F57: =D57*E57 -> 0 | I57: =G57*H57 -> 0 | J57: =+F57-I57 -> 0
A58: Add additional expense category | F58: =D58*E58 -> 0 | I58: =G58*H58 -> 0 | J58: =+F58-I58 -> 0
A59: Add additional expense category | F59: =D59*E59 -> 0 | I59: =G59*H59 -> 0 | J59: =+F59-I59 -> 0
A60: Add additional expense category | F60: =D60*E60 -> 0 | I60: =G60*H60 -> 0 | J60: =+F60-I60 -> 0
A61: Add additional expense category | F61: =D61*E61 -> 0 | I61: =G61*H61 -> 0 | J61: =+F61-I61 -> 0
... A69: Add additional expense category | F69: =D69*E69 -> 0 | I69: =G69*H69 -> 0 | J69: =+F69-I69 -> 0
A71: OPERATING EXPENSES TOTAL | F71: =SUM(F50:F69) -> 0 | I71: =SUM(I50:I69) -> 0 | J71: =SUM(J50:J69) -> 0
A73: TOTAL SALARIES AND OPERATING EXPENSES | F73: =F71+F47 -> 0 | I73: =I71+I47 -> 0 | J73: =+F73-I73 -> 0
A75: Administration Support (5%) | F75: =0.05*(1.05263157894737)*F73 -> 0 | I75: =0.05*(1.05263157894737)*I73 -> 0 | J75: =+F75-I75 -> 0
A77: GRAND TOTAL - DKK | F77: =F47+F71+F75 -> 0 | I77: =I47+I71+I75 -> 0 | J77: =+F77-I77 -> 0

Sheet 2028
B2: Financial Year | C2: 2028
A5: =+"Budget & Financial Reporting – "&Overview!E4 -> Budget & Financial Reporting – | B5: Comments - Grant Holder | C5: Comments - Centre for Childhood Health | D5: =+"Expenses "&C2 -> Expenses 2028 | G5: =+"Budget "&C2 -> Budget 2028 | J5: Difference
D6: Months | E6: Rate in DKK | F6: TOTAL DKK | G6: Months | H6: Rate in DKK | I6: TOTAL DKK | J6: TOTAL DKK
A7: SALARIES
A8: Work Package 1
A9: Title and name | F9: =D9*E9 -> 0 | I9: =G9*H9 -> 0 | J9: =+F9-I9 -> 0
A10: Title and name | F10: =D10*E10 -> 0 | I10: =G10*H10 -> 0 | J10: =+F10-I10 -> 0
A11: Title and name | F11: =D11*E11 -> 0 | I11: =G11*H11 -> 0 | J11: =+F11-I11 -> 0
A12: Title and name | F12: =D12*E12 -> 0 | I12: =G12*H12 -> 0 | J12: =+F12-I12 -> 0
A13: Title and name | F13: =D13*E13 -> 0 | I13: =G13*H13 -> 0 | J13: =+F13-I13 -> 0
A14: Title and name | F14: =D14*E14 -> 0 | I14: =G14*H14 -> 0 | J14: =+F14-I14 -> 0
A15: Title and name | F15: =D15*E15 -> 0 | I15: =G15*H15 -> 0 | J15: =+F15-I15 -> 0
A16: Title and name | F16: =D16*E16 -> 0 | I16: =G16*H16 -> 0 | J16: =+F16-I16 -> 0
A17: Title and name | F17: =D17*E17 -> 0 | I17: =G17*H17 -> 0 | J17: =+F17-I17 -> 0
A18: Title and name | F18: =D18*E18 -> 0 | I18: =G18*H18 -> 0 | J18: =+F18-I18 -> 0
A19: =+A8&" total" -> Work Package 1 total | D19: =SUM(D9:D18) -> 0 | F19: =SUM(F9:F18) -> 0 | G19: =SUM(G9:G18) -> 0 | I19: =SUM(I9:I18) -> 0 | J19: =SUM(J9:J18) -> 0
A21: Work Package 2
A22: Title and name | F22: =D22*E22 -> 0 | I22: =G22*H22 -> 0 | J22: =+F22-I22 -> 0
A23: Title and name | F23: =D23*E23 -> 0 | I23: =G23*H23 -> 0 | J23: =+F23-I23 -> 0
A24: Title and name | F24: =D24*E24 -> 0 | I24: =G24*H24 -> 0 | J24: =+F24-I24 -> 0
A25: Title and name | F25: =D25*E25 -> 0 | I25: =G25*H25 -> 0 | J25: =+F25-I25 -> 0
A26: Title and name | F26: =D26*E26 -> 0 | I26: =G26*H26 -> 0 | J26: =+F26-I26 -> 0
A27: Title and name | F27: =D27*E27 -> 0 | I27: =G27*H27 -> 0 | J27: =+F27-I27 -> 0
A28: Title and name | F28: =D28*E28 -> 0 | I28: =G28*H28 -> 0 | J28: =+F28-I28 -> 0
A29: Title and name | F29: =D29*E29 -> 0 | I29: =G29*H29 -> 0 | J29: =+F29-I29 -> 0
A30: Title and name | F30: =D30*E30 -> 0 | I30: =G30*H30 -> 0 | J30: =+F30-I30 -> 0
A31: Title and name | F31: =D31*E31 -> 0 | I31: =G31*H31 -> 0 | J31: =+F31-I31 -> 0
A32: =+A21&" total" -> Work Package 2 total | D32: =SUM(D22:D31) -> 0 | F32: =SUM(F22:F31) -> 0 | G32: =SUM(G22:G31) -> 0 | I32: =SUM(I22:I31) -> 0 | J32: =SUM(J22:J31) -> 0
A34: Work Package 3
A35: Title and name | F35: =D35*E35 -> 0 | I35: =G35*H35 -> 0 | J35: =+F35-I35 -> 0
A36: Title and name | F36: =D36*E36 -> 0 | I36: =G36*H36 -> 0 | J36: =+F36-I36 -> 0
A37: Title and name | F37: =D37*E37 -> 0 | I37: =G37*H37 -> 0 | J37: =+F37-I37 -> 0
A38: Title and name | F38: =D38*E38 -> 0 | I38: =G38*H38 -> 0 | J38: =+F38-I38 -> 0
A39: Title and name | F39: =D39*E39 -> 0 | I39: =G39*H39 -> 0 | J39: =+F39-I39 -> 0
A40: Title and name | F40: =D40*E40 -> 0 | I40: =G40*H40 -> 0 | J40: =+F40-I40 -> 0
A41: Title and name | F41: =D41*E41 -> 0 | I41: =G41*H41 -> 0 | J41: =+F41-I41 -> 0
A42: Title and name | F42: =D42*E42 -> 0 | I42: =G42*H42 -> 0 | J42: =+F42-I42 -> 0
A43: Title and name | F43: =D43*E43 -> 0 | I43: =G43*H43 -> 0 | J43: =+F43-I43 -> 0
A44: Title and name | F44: =D44*E44 -> 0 | I44: =G44*H44 -> 0 | J44: =+F44-I44 -> 0
A45: =+A34&" total" -> Work Package 3 total | D45: =SUM(D35:D44) -> 0 | F45: =SUM(F35:F44) -> 0 | G45: =SUM(G35:G44) -> 0 | I45: =SUM(I35:I44) -> 0 | J45: =SUM(J35:J44) -> 0
A47: SALARIES TOTAL | D47: =D19+D32+D45 -> 0 | F47: =F19+F32+F45 -> 0 | G47: =G19+G32+G45 -> 0 | I47: =I19+I32+I45 -> 0 | J47: =J19+J32+J45 -> 0
A49: OPERATING EXPENSES | D49: Antal | E49: Beløb | G49: Antal | H49: Beløb
A50: Travel, study trips and professional networking activities | F50: =D50*E50 -> 0 | I50: =G50*H50 -> 0 | J50: =+F50-I50 -> 0
A51: Meetings, seminars, workshops and conferences | F51: =D51*E51 -> 0 | I51: =G51*H51 -> 0 | J51: =+F51-I51 -> 0
A52: Communication and dissemination | F52: =D52*E52 -> 0 | I52: =G52*H52 -> 0 | J52: =+F52-I52 -> 0
A53: Publications and Open Access | F53: =D53*E53 -> 0 | I53: =G53*H53 -> 0 | J53: =+F53-I53 -> 0
A54: Purchase of equipment, software and materials | F54: =D54*E54 -> 0 | I54: =G54*H54 -> 0 | J54: =+F54-I54 -> 0
A55: Production and development of materials | F55: =D55*E55 -> 0 | I55: =G55*H55 -> 0 | J55: =+F55-I55 -> 0
A56: Consultancy and advisory services | F56: =D56*E56 -> 0 | I56: =G56*H56 -> 0 | J56: =+F56-I56 -> 0
A57: Marketing and promotion | F57: =D57*E57 -> 0 | I57: =G57*H57 -> 0 | J57: =+F57-I57 -> 0
A58: Add additional expense category | F58: =D58*E58 -> 0 | I58: =G58*H58 -> 0 | J58: =+F58-I58 -> 0
A59: Add additional expense category | F59: =D59*E59 -> 0 | I59: =G59*H59 -> 0 | J59: =+F59-I59 -> 0
A60: Add additional expense category | F60: =D60*E60 -> 0 | I60: =G60*H60 -> 0 | J60: =+F60-I60 -> 0
A61: Add additional expense category | F61: =D61*E61 -> 0 | I61: =G61*H61 -> 0 | J61: =+F61-I61 -> 0
... A69: Add additional expense category | F69: =D69*E69 -> 0 | I69: =G69*H69 -> 0 | J69: =+F69-I69 -> 0
A71: OPERATING EXPENSES TOTAL | F71: =SUM(F50:F69) -> 0 | I71: =SUM(I50:I69) -> 0 | J71: =SUM(J50:J69) -> 0
A73: TOTAL SALARIES AND OPERATING EXPENSES | F73: =F71+F47 -> 0 | I73: =I71+I47 -> 0 | J73: =+F73-I73 -> 0
A75: Administration Support (5%) | F75: =0.05*(1.05263157894737)*F73 -> 0 | I75: =0.05*(1.05263157894737)*I73 -> 0 | J75: =+F75-I75 -> 0
A77: GRAND TOTAL - DKK | F77: =F47+F71+F75 -> 0 | I77: =I47+I71+I75 -> 0 | J77: =+F77-I77 -> 0

Sheet 2029
B2: Financial Year | C2: 2029
A5: =+"Budget & Financial Reporting – "&Overview!E4 -> Budget & Financial Reporting – | B5: Comments - Grant Holder | C5: Comments - Centre for Childhood Health | D5: =+"Expenses "&C2 -> Expenses 2029 | G5: =+"Budget "&C2 -> Budget 2029 | J5: Difference
D6: Months | E6: Rate in DKK | F6: TOTAL DKK | G6: Months | H6: Rate in DKK | I6: TOTAL DKK | J6: TOTAL DKK
A7: SALARIES
A8: Work Package 1
A9: Title and name | F9: =D9*E9 -> 0 | I9: =G9*H9 -> 0 | J9: =+F9-I9 -> 0
A10: Title and name | F10: =D10*E10 -> 0 | I10: =G10*H10 -> 0 | J10: =+F10-I10 -> 0
A11: Title and name | F11: =D11*E11 -> 0 | I11: =G11*H11 -> 0 | J11: =+F11-I11 -> 0
A12: Title and name | F12: =D12*E12 -> 0 | I12: =G12*H12 -> 0 | J12: =+F12-I12 -> 0
A13: Title and name | F13: =D13*E13 -> 0 | I13: =G13*H13 -> 0 | J13: =+F13-I13 -> 0
A14: Title and name | F14: =D14*E14 -> 0 | I14: =G14*H14 -> 0 | J14: =+F14-I14 -> 0
A15: Title and name | F15: =D15*E15 -> 0 | I15: =G15*H15 -> 0 | J15: =+F15-I15 -> 0
A16: Title and name | F16: =D16*E16 -> 0 | I16: =G16*H16 -> 0 | J16: =+F16-I16 -> 0
A17: Title and name | F17: =D17*E17 -> 0 | I17: =G17*H17 -> 0 | J17: =+F17-I17 -> 0
A18: Title and name | F18: =D18*E18 -> 0 | I18: =G18*H18 -> 0 | J18: =+F18-I18 -> 0
A19: =+A8&" total" -> Work Package 1 total | D19: =SUM(D9:D18) -> 0 | F19: =SUM(F9:F18) -> 0 | G19: =SUM(G9:G18) -> 0 | I19: =SUM(I9:I18) -> 0 | J19: =SUM(J9:J18) -> 0
A21: Work Package 2
A22: Title and name | F22: =D22*E22 -> 0 | I22: =G22*H22 -> 0 | J22: =+F22-I22 -> 0
A23: Title and name | F23: =D23*E23 -> 0 | I23: =G23*H23 -> 0 | J23: =+F23-I23 -> 0
A24: Title and name | F24: =D24*E24 -> 0 | I24: =G24*H24 -> 0 | J24: =+F24-I24 -> 0
A25: Title and name | F25: =D25*E25 -> 0 | I25: =G25*H25 -> 0 | J25: =+F25-I25 -> 0
A26: Title and name | F26: =D26*E26 -> 0 | I26: =G26*H26 -> 0 | J26: =+F26-I26 -> 0
A27: Title and name | F27: =D27*E27 -> 0 | I27: =G27*H27 -> 0 | J27: =+F27-I27 -> 0
A28: Title and name | F28: =D28*E28 -> 0 | I28: =G28*H28 -> 0 | J28: =+F28-I28 -> 0
A29: Title and name | F29: =D29*E29 -> 0 | I29: =G29*H29 -> 0 | J29: =+F29-I29 -> 0
A30: Title and name | F30: =D30*E30 -> 0 | I30: =G30*H30 -> 0 | J30: =+F30-I30 -> 0
A31: Title and name | F31: =D31*E31 -> 0 | I31: =G31*H31 -> 0 | J31: =+F31-I31 -> 0
A32: =+A21&" total" -> Work Package 2 total | D32: =SUM(D22:D31) -> 0 | F32: =SUM(F22:F31) -> 0 | G32: =SUM(G22:G31) -> 0 | I32: =SUM(I22:I31) -> 0 | J32: =SUM(J22:J31) -> 0
A34: Work Package 3
A35: Title and name | F35: =D35*E35 -> 0 | I35: =G35*H35 -> 0 | J35: =+F35-I35 -> 0
A36: Title and name | F36: =D36*E36 -> 0 | I36: =G36*H36 -> 0 | J36: =+F36-I36 -> 0
A37: Title and name | F37: =D37*E37 -> 0 | I37: =G37*H37 -> 0 | J37: =+F37-I37 -> 0
A38: Title and name | F38: =D38*E38 -> 0 | I38: =G38*H38 -> 0 | J38: =+F38-I38 -> 0
A39: Title and name | F39: =D39*E39 -> 0 | I39: =G39*H39 -> 0 | J39: =+F39-I39 -> 0
A40: Title and name | F40: =D40*E40 -> 0 | I40: =G40*H40 -> 0 | J40: =+F40-I40 -> 0
A41: Title and name | F41: =D41*E41 -> 0 | I41: =G41*H41 -> 0 | J41: =+F41-I41 -> 0
A42: Title and name | F42: =D42*E42 -> 0 | I42: =G42*H42 -> 0 | J42: =+F42-I42 -> 0
A43: Title and name | F43: =D43*E43 -> 0 | I43: =G43*H43 -> 0 | J43: =+F43-I43 -> 0
A44: Title and name | F44: =D44*E44 -> 0 | I44: =G44*H44 -> 0 | J44: =+F44-I44 -> 0
A45: =+A34&" total" -> Work Package 3 total | D45: =SUM(D35:D44) -> 0 | F45: =SUM(F35:F44) -> 0 | G45: =SUM(G35:G44) -> 0 | I45: =SUM(I35:I44) -> 0 | J45: =SUM(J35:J44) -> 0
A47: SALARIES TOTAL | D47: =D19+D32+D45 -> 0 | F47: =F19+F32+F45 -> 0 | G47: =G19+G32+G45 -> 0 | I47: =I19+I32+I45 -> 0 | J47: =J19+J32+J45 -> 0
A49: OPERATING EXPENSES | D49: Antal | E49: Beløb | G49: Antal | H49: Beløb
A50: Travel, study trips and professional networking activities | F50: =D50*E50 -> 0 | I50: =G50*H50 -> 0 | J50: =+F50-I50 -> 0
A51: Meetings, seminars, workshops and conferences | F51: =D51*E51 -> 0 | I51: =G51*H51 -> 0 | J51: =+F51-I51 -> 0
A52: Communication and dissemination | F52: =D52*E52 -> 0 | I52: =G52*H52 -> 0 | J52: =+F52-I52 -> 0
A53: Publications and Open Access | F53: =D53*E53 -> 0 | I53: =G53*H53 -> 0 | J53: =+F53-I53 -> 0
A54: Purchase of equipment, software and materials | F54: =D54*E54 -> 0 | I54: =G54*H54 -> 0 | J54: =+F54-I54 -> 0
A55: Production and development of materials | F55: =D55*E55 -> 0 | I55: =G55*H55 -> 0 | J55: =+F55-I55 -> 0
A56: Consultancy and advisory services | F56: =D56*E56 -> 0 | I56: =G56*H56 -> 0 | J56: =+F56-I56 -> 0
A57: Marketing and promotion | F57: =D57*E57 -> 0 | I57: =G57*H57 -> 0 | J57: =+F57-I57 -> 0
A58: Add additional expense category | F58: =D58*E58 -> 0 | I58: =G58*H58 -> 0 | J58: =+F58-I58 -> 0
A59: Add additional expense category | F59: =D59*E59 -> 0 | I59: =G59*H59 -> 0 | J59: =+F59-I59 -> 0
A60: Add additional expense category | F60: =D60*E60 -> 0 | I60: =G60*H60 -> 0 | J60: =+F60-I60 -> 0
A61: Add additional expense category | F61: =D61*E61 -> 0 | I61: =G61*H61 -> 0 | J61: =+F61-I61 -> 0
... A69: Add additional expense category | F69: =D69*E69 -> 0 | I69: =G69*H69 -> 0 | J69: =+F69-I69 -> 0
A71: OPERATING EXPENSES TOTAL | F71: =SUM(F50:F69) -> 0 | I71: =SUM(I50:I69) -> 0 | J71: =SUM(J50:J69) -> 0
A73: TOTAL SALARIES AND OPERATING EXPENSES | F73: =F71+F47 -> 0 | I73: =I71+I47 -> 0 | J73: =+F73-I73 -> 0
A75: Administration Support (5%) | F75: =0.05*(1.05263157894737)*F73 -> 0 | I75: =0.05*(1.05263157894737)*I73 -> 0 | J75: =+F75-I75 -> 0
A77: GRAND TOTAL - DKK | F77: =F47+F71+F75 -> 0 | I77: =I47+I71+I75 -> 0 | J77: =+F77-I77 -> 0

Sheet 2030
B2: Financial Year | C2: 2030
A5: =+"Budget & Financial Reporting – "&Overview!E4 -> Budget & Financial Reporting – | B5: Comments - Grant Holder | C5: Comments - Centre for Childhood Health | D5: =+"Expenses "&C2 -> Expenses 2030 | G5: =+"Budget "&C2 -> Budget 2030 | J5: Difference
D6: Months | E6: Rate in DKK | F6: TOTAL DKK | G6: Months | H6: Rate in DKK | I6: TOTAL DKK | J6: TOTAL DKK
A7: SALARIES
A8: Work Package 1
A9: Title and name | F9: =D9*E9 -> 0 | I9: =G9*H9 -> 0 | J9: =+F9-I9 -> 0
A10: Title and name | F10: =D10*E10 -> 0 | I10: =G10*H10 -> 0 | J10: =+F10-I10 -> 0
A11: Title and name | F11: =D11*E11 -> 0 | I11: =G11*H11 -> 0 | J11: =+F11-I11 -> 0
A12: Title and name | F12: =D12*E12 -> 0 | I12: =G12*H12 -> 0 | J12: =+F12-I12 -> 0
A13: Title and name | F13: =D13*E13 -> 0 | I13: =G13*H13 -> 0 | J13: =+F13-I13 -> 0
A14: Title and name | F14: =D14*E14 -> 0 | I14: =G14*H14 -> 0 | J14: =+F14-I14 -> 0
A15: Title and name | F15: =D15*E15 -> 0 | I15: =G15*H15 -> 0 | J15: =+F15-I15 -> 0
A16: Title and name | F16: =D16*E16 -> 0 | I16: =G16*H16 -> 0 | J16: =+F16-I16 -> 0
A17: Title and name | F17: =D17*E17 -> 0 | I17: =G17*H17 -> 0 | J17: =+F17-I17 -> 0
A18: Title and name | F18: =D18*E18 -> 0 | I18: =G18*H18 -> 0 | J18: =+F18-I18 -> 0
A19: =+A8&" total" -> Work Package 1 total | D19: =SUM(D9:D18) -> 0 | F19: =SUM(F9:F18) -> 0 | G19: =SUM(G9:G18) -> 0 | I19: =SUM(I9:I18) -> 0 | J19: =SUM(J9:J18) -> 0
A21: Work Package 2
A22: Title and name | F22: =D22*E22 -> 0 | I22: =G22*H22 -> 0 | J22: =+F22-I22 -> 0
A23: Title and name | F23: =D23*E23 -> 0 | I23: =G23*H23 -> 0 | J23: =+F23-I23 -> 0
A24: Title and name | F24: =D24*E24 -> 0 | I24: =G24*H24 -> 0 | J24: =+F24-I24 -> 0
A25: Title and name | F25: =D25*E25 -> 0 | I25: =G25*H25 -> 0 | J25: =+F25-I25 -> 0
A26: Title and name | F26: =D26*E26 -> 0 | I26: =G26*H26 -> 0 | J26: =+F26-I26 -> 0
A27: Title and name | F27: =D27*E27 -> 0 | I27: =G27*H27 -> 0 | J27: =+F27-I27 -> 0
A28: Title and name | F28: =D28*E28 -> 0 | I28: =G28*H28 -> 0 | J28: =+F28-I28 -> 0
A29: Title and name | F29: =D29*E29 -> 0 | I29: =G29*H29 -> 0 | J29: =+F29-I29 -> 0
A30: Title and name | F30: =D30*E30 -> 0 | I30: =G30*H30 -> 0 | J30: =+F30-I30 -> 0
A31: Title and name | F31: =D31*E31 -> 0 | I31: =G31*H31 -> 0 | J31: =+F31-I31 -> 0
A32: =+A21&" total" -> Work Package 2 total | D32: =SUM(D22:D31) -> 0 | F32: =SUM(F22:F31) -> 0 | G32: =SUM(G22:G31) -> 0 | I32: =SUM(I22:I31) -> 0 | J32: =SUM(J22:J31) -> 0
A34: Work Package 3
A35: Title and name | F35: =D35*E35 -> 0 | I35: =G35*H35 -> 0 | J35: =+F35-I35 -> 0
A36: Title and name | F36: =D36*E36 -> 0 | I36: =G36*H36 -> 0 | J36: =+F36-I36 -> 0
A37: Title and name | F37: =D37*E37 -> 0 | I37: =G37*H37 -> 0 | J37: =+F37-I37 -> 0
A38: Title and name | F38: =D38*E38 -> 0 | I38: =G38*H38 -> 0 | J38: =+F38-I38 -> 0
A39: Title and name | F39: =D39*E39 -> 0 | I39: =G39*H39 -> 0 | J39: =+F39-I39 -> 0
A40: Title and name | F40: =D40*E40 -> 0 | I40: =G40*H40 -> 0 | J40: =+F40-I40 -> 0
A41: Title and name | F41: =D41*E41 -> 0 | I41: =G41*H41 -> 0 | J41: =+F41-I41 -> 0
A42: Title and name | F42: =D42*E42 -> 0 | I42: =G42*H42 -> 0 | J42: =+F42-I42 -> 0
A43: Title and name | F43: =D43*E43 -> 0 | I43: =G43*H43 -> 0 | J43: =+F43-I43 -> 0
A44: Title and name | F44: =D44*E44 -> 0 | I44: =G44*H44 -> 0 | J44: =+F44-I44 -> 0
A45: =+A34&" total" -> Work Package 3 total | D45: =SUM(D35:D44) -> 0 | F45: =SUM(F35:F44) -> 0 | G45: =SUM(G35:G44) -> 0 | I45: =SUM(I35:I44) -> 0 | J45: =SUM(J35:J44) -> 0
A47: SALARIES TOTAL | D47: =D19+D32+D45 -> 0 | F47: =F19+F32+F45 -> 0 | G47: =G19+G32+G45 -> 0 | I47: =I19+I32+I45 -> 0 | J47: =J19+J32+J45 -> 0
A49: OPERATING EXPENSES | D49: Antal | E49: Beløb | G49: Antal | H49: Beløb
A50: Travel, study trips and professional networking activities | F50: =D50*E50 -> 0 | I50: =G50*H50 -> 0 | J50: =+F50-I50 -> 0
A51: Meetings, seminars, workshops and conferences | F51: =D51*E51 -> 0 | I51: =G51*H51 -> 0 | J51: =+F51-I51 -> 0
A52: Communication and dissemination | F52: =D52*E52 -> 0 | I52: =G52*H52 -> 0 | J52: =+F52-I52 -> 0
A53: Publications and Open Access | F53: =D53*E53 -> 0 | I53: =G53*H53 -> 0 | J53: =+F53-I53 -> 0
A54: Purchase of equipment, software and materials | F54: =D54*E54 -> 0 | I54: =G54*H54 -> 0 | J54: =+F54-I54 -> 0
A55: Production and development of materials | F55: =D55*E55 -> 0 | I55: =G55*H55 -> 0 | J55: =+F55-I55 -> 0
A56: Consultancy and advisory services | F56: =D56*E56 -> 0 | I56: =G56*H56 -> 0 | J56: =+F56-I56 -> 0
A57: Marketing and promotion | F57: =D57*E57 -> 0 | I57: =G57*H57 -> 0 | J57: =+F57-I57 -> 0
A58: Add additional expense category | F58: =D58*E58 -> 0 | I58: =G58*H58 -> 0 | J58: =+F58-I58 -> 0
A59: Add additional expense category | F59: =D59*E59 -> 0 | I59: =G59*H59 -> 0 | J59: =+F59-I59 -> 0
A60: Add additional expense category | F60: =D60*E60 -> 0 | I60: =G60*H60 -> 0 | J60: =+F60-I60 -> 0
A61: Add additional expense category | F61: =D61*E61 -> 0 | I61: =G61*H61 -> 0 | J61: =+F61-I61 -> 0
... A69: Add additional expense category | F69: =D69*E69 -> 0 | I69: =G69*H69 -> 0 | J69: =+F69-I69 -> 0
A71: OPERATING EXPENSES TOTAL | F71: =SUM(F50:F69) -> 0 | I71: =SUM(I50:I69) -> 0 | J71: =SUM(J50:J69) -> 0
A73: TOTAL SALARIES AND OPERATING EXPENSES | F73: =F71+F47 -> 0 | I73: =I71+I47 -> 0 | J73: =+F73-I73 -> 0
A75: Administration Support (5%) | F75: =0.05*(1.05263157894737)*F73 -> 0 | I75: =0.05*(1.05263157894737)*I73 -> 0 | J75: =+F75-I75 -> 0
A77: GRAND TOTAL - DKK | F77: =F47+F71+F75 -> 0 | I77: =I47+I71+I75 -> 0 | J77: =+F77-I77 -> 0

Sheet 2031
B2: Financial Year | C2: 2031
A5: =+"Budget & Financial Reporting – "&Overview!E4 -> Budget & Financial Reporting – | B5: Comments - Grant Holder | C5: Comments - Centre for Childhood Health | D5: =+"Expenses "&C2 -> Expenses 2031 | G5: =+"Budget "&C2 -> Budget 2031 | J5: Difference
D6: Months | E6: Rate in DKK | F6: TOTAL DKK | G6: Months | H6: Rate in DKK | I6: TOTAL DKK | J6: TOTAL DKK
A7: SALARIES
A8: Work Package 1
A9: Title and name | F9: =D9*E9 -> 0 | I9: =G9*H9 -> 0 | J9: =+F9-I9 -> 0
A10: Title and name | F10: =D10*E10 -> 0 | I10: =G10*H10 -> 0 | J10: =+F10-I10 -> 0
A11: Title and name | F11: =D11*E11 -> 0 | I11: =G11*H11 -> 0 | J11: =+F11-I11 -> 0
A12: Title and name | F12: =D12*E12 -> 0 | I12: =G12*H12 -> 0 | J12: =+F12-I12 -> 0
A13: Title and name | F13: =D13*E13 -> 0 | I13: =G13*H13 -> 0 | J13: =+F13-I13 -> 0
A14: Title and name | F14: =D14*E14 -> 0 | I14: =G14*H14 -> 0 | J14: =+F14-I14 -> 0
A15: Title and name | F15: =D15*E15 -> 0 | I15: =G15*H15 -> 0 | J15: =+F15-I15 -> 0
A16: Title and name | F16: =D16*E16 -> 0 | I16: =G16*H16 -> 0 | J16: =+F16-I16 -> 0
A17: Title and name | F17: =D17*E17 -> 0 | I17: =G17*H17 -> 0 | J17: =+F17-I17 -> 0
A18: Title and name | F18: =D18*E18 -> 0 | I18: =G18*H18 -> 0 | J18: =+F18-I18 -> 0
A19: =+A8&" total" -> Work Package 1 total | D19: =SUM(D9:D18) -> 0 | F19: =SUM(F9:F18) -> 0 | G19: =SUM(G9:G18) -> 0 | I19: =SUM(I9:I18) -> 0 | J19: =SUM(J9:J18) -> 0
A21: Work Package 2
A22: Title and name | F22: =D22*E22 -> 0 | I22: =G22*H22 -> 0 | J22: =+F22-I22 -> 0
A23: Title and name | F23: =D23*E23 -> 0 | I23: =G23*H23 -> 0 | J23: =+F23-I23 -> 0
A24: Title and name | F24: =D24*E24 -> 0 | I24: =G24*H24 -> 0 | J24: =+F24-I24 -> 0
A25: Title and name | F25: =D25*E25 -> 0 | I25: =G25*H25 -> 0 | J25: =+F25-I25 -> 0
A26: Title and name | F26: =D26*E26 -> 0 | I26: =G26*H26 -> 0 | J26: =+F26-I26 -> 0
A27: Title and name | F27: =D27*E27 -> 0 | I27: =G27*H27 -> 0 | J27: =+F27-I27 -> 0
A28: Title and name | F28: =D28*E28 -> 0 | I28: =G28*H28 -> 0 | J28: =+F28-I28 -> 0
A29: Title and name | F29: =D29*E29 -> 0 | I29: =G29*H29 -> 0 | J29: =+F29-I29 -> 0
A30: Title and name | F30: =D30*E30 -> 0 | I30: =G30*H30 -> 0 | J30: =+F30-I30 -> 0
A31: Title and name | F31: =D31*E31 -> 0 | I31: =G31*H31 -> 0 | J31: =+F31-I31 -> 0
A32: =+A21&" total" -> Work Package 2 total | D32: =SUM(D22:D31) -> 0 | F32: =SUM(F22:F31) -> 0 | G32: =SUM(G22:G31) -> 0 | I32: =SUM(I22:I31) -> 0 | J32: =SUM(J22:J31) -> 0
A34: Work Package 3
A35: Title and name | F35: =D35*E35 -> 0 | I35: =G35*H35 -> 0 | J35: =+F35-I35 -> 0
A36: Title and name | F36: =D36*E36 -> 0 | I36: =G36*H36 -> 0 | J36: =+F36-I36 -> 0
A37: Title and name | F37: =D37*E37 -> 0 | I37: =G37*H37 -> 0 | J37: =+F37-I37 -> 0
A38: Title and name | F38: =D38*E38 -> 0 | I38: =G38*H38 -> 0 | J38: =+F38-I38 -> 0
A39: Title and name | F39: =D39*E39 -> 0 | I39: =G39*H39 -> 0 | J39: =+F39-I39 -> 0
A40: Title and name | F40: =D40*E40 -> 0 | I40: =G40*H40 -> 0 | J40: =+F40-I40 -> 0
A41: Title and name | F41: =D41*E41 -> 0 | I41: =G41*H41 -> 0 | J41: =+F41-I41 -> 0
A42: Title and name | F42: =D42*E42 -> 0 | I42: =G42*H42 -> 0 | J42: =+F42-I42 -> 0
A43: Title and name | F43: =D43*E43 -> 0 | I43: =G43*H43 -> 0 | J43: =+F43-I43 -> 0
A44: Title and name | F44: =D44*E44 -> 0 | I44: =G44*H44 -> 0 | J44: =+F44-I44 -> 0
A45: =+A34&" total" -> Work Package 3 total | D45: =SUM(D35:D44) -> 0 | F45: =SUM(F35:F44) -> 0 | G45: =SUM(G35:G44) -> 0 | I45: =SUM(I35:I44) -> 0 | J45: =SUM(J35:J44) -> 0
A47: SALARIES TOTAL | D47: =D19+D32+D45 -> 0 | F47: =F19+F32+F45 -> 0 | G47: =G19+G32+G45 -> 0 | I47: =I19+I32+I45 -> 0 | J47: =J19+J32+J45 -> 0
A49: OPERATING EXPENSES | D49: Antal | E49: Beløb | G49: Antal | H49: Beløb
A50: Travel, study trips and professional networking activities | F50: =D50*E50 -> 0 | I50: =G50*H50 -> 0 | J50: =+F50-I50 -> 0
A51: Meetings, seminars, workshops and conferences | F51: =D51*E51 -> 0 | I51: =G51*H51 -> 0 | J51: =+F51-I51 -> 0
A52: Communication and dissemination | F52: =D52*E52 -> 0 | I52: =G52*H52 -> 0 | J52: =+F52-I52 -> 0
A53: Publications and Open Access | F53: =D53*E53 -> 0 | I53: =G53*H53 -> 0 | J53: =+F53-I53 -> 0
A54: Purchase of equipment, software and materials | F54: =D54*E54 -> 0 | I54: =G54*H54 -> 0 | J54: =+F54-I54 -> 0
A55: Production and development of materials | F55: =D55*E55 -> 0 | I55: =G55*H55 -> 0 | J55: =+F55-I55 -> 0
A56: Consultancy and advisory services | F56: =D56*E56 -> 0 | I56: =G56*H56 -> 0 | J56: =+F56-I56 -> 0
A57: Marketing and promotion | F57: =D57*E57 -> 0 | I57: =G57*H57 -> 0 | J57: =+F57-I57 -> 0
A58: Add additional expense category | F58: =D58*E58 -> 0 | I58: =G58*H58 -> 0 | J58: =+F58-I58 -> 0
A59: Add additional expense category | F59: =D59*E59 -> 0 | I59: =G59*H59 -> 0 | J59: =+F59-I59 -> 0
A60: Add additional expense category | F60: =D60*E60 -> 0 | I60: =G60*H60 -> 0 | J60: =+F60-I60 -> 0
A61: Add additional expense category | F61: =D61*E61 -> 0 | I61: =G61*H61 -> 0 | J61: =+F61-I61 -> 0
... A69: Add additional expense category | F69: =D69*E69 -> 0 | I69: =G69*H69 -> 0 | J69: =+F69-I69 -> 0
A71: OPERATING EXPENSES TOTAL | F71: =SUM(F50:F69) -> 0 | I71: =SUM(I50:I69) -> 0 | J71: =SUM(J50:J69) -> 0
A73: TOTAL SALARIES AND OPERATING EXPENSES | F73: =F71+F47 -> 0 | I73: =I71+I47 -> 0 | J73: =+F73-I73 -> 0
A75: Administration Support (5%) | F75: =0.05*(1.05263157894737)*F73 -> 0 | I75: =0.05*(1.05263157894737)*I73 -> 0 | J75: =+F75-I75 -> 0
A77: GRAND TOTAL - DKK | F77: =F47+F71+F75 -> 0 | I77: =I47+I71+I75 -> 0 | J77: =+F77-I77 -> 0

Sheet 2032
B2: Financial Year | C2: 2032
A5: =+"Budget & Financial Reporting – "&Overview!E4 -> Budget & Financial Reporting – | B5: Comments - Grant Holder | C5: Comments - Centre for Childhood Health | D5: =+"Expenses "&C2 -> Expenses 2032 | G5: =+"Budget "&C2 -> Budget 2032 | J5: Difference
D6: Months | E6: Rate in DKK | F6: TOTAL DKK | G6: Months | H6: Rate in DKK | I6: TOTAL DKK | J6: TOTAL DKK
A7: SALARIES
A8: Work Package 1
A9: Title and name | F9: =D9*E9 -> 0 | I9: =G9*H9 -> 0 | J9: =+F9-I9 -> 0
A10: Title and name | F10: =D10*E10 -> 0 | I10: =G10*H10 -> 0 | J10: =+F10-I10 -> 0
A11: Title and name | F11: =D11*E11 -> 0 | I11: =G11*H11 -> 0 | J11: =+F11-I11 -> 0
A12: Title and name | F12: =D12*E12 -> 0 | I12: =G12*H12 -> 0 | J12: =+F12-I12 -> 0
A13: Title and name | F13: =D13*E13 -> 0 | I13: =G13*H13 -> 0 | J13: =+F13-I13 -> 0
A14: Title and name | F14: =D14*E14 -> 0 | I14: =G14*H14 -> 0 | J14: =+F14-I14 -> 0
A15: Title and name | F15: =D15*E15 -> 0 | I15: =G15*H15 -> 0 | J15: =+F15-I15 -> 0
A16: Title and name | F16: =D16*E16 -> 0 | I16: =G16*H16 -> 0 | J16: =+F16-I16 -> 0
A17: Title and name | F17: =D17*E17 -> 0 | I17: =G17*H17 -> 0 | J17: =+F17-I17 -> 0
A18: Title and name | F18: =D18*E18 -> 0 | I18: =G18*H18 -> 0 | J18: =+F18-I18 -> 0
A19: =+A8&" total" -> Work Package 1 total | D19: =SUM(D9:D18) -> 0 | F19: =SUM(F9:F18) -> 0 | G19: =SUM(G9:G18) -> 0 | I19: =SUM(I9:I18) -> 0 | J19: =SUM(J9:J18) -> 0
A21: Work Package 2
A22: Title and name | F22: =D22*E22 -> 0 | I22: =G22*H22 -> 0 | J22: =+F22-I22 -> 0
A23: Title and name | F23: =D23*E23 -> 0 | I23: =G23*H23 -> 0 | J23: =+F23-I23 -> 0
A24: Title and name | F24: =D24*E24 -> 0 | I24: =G24*H24 -> 0 | J24: =+F24-I24 -> 0
A25: Title and name | F25: =D25*E25 -> 0 | I25: =G25*H25 -> 0 | J25: =+F25-I25 -> 0
A26: Title and name | F26: =D26*E26 -> 0 | I26: =G26*H26 -> 0 | J26: =+F26-I26 -> 0
A27: Title and name | F27: =D27*E27 -> 0 | I27: =G27*H27 -> 0 | J27: =+F27-I27 -> 0
A28: Title and name | F28: =D28*E28 -> 0 | I28: =G28*H28 -> 0 | J28: =+F28-I28 -> 0
A29: Title and name | F29: =D29*E29 -> 0 | I29: =G29*H29 -> 0 | J29: =+F29-I29 -> 0
A30: Title and name | F30: =D30*E30 -> 0 | I30: =G30*H30 -> 0 | J30: =+F30-I30 -> 0
A31: Title and name | F31: =D31*E31 -> 0 | I31: =G31*H31 -> 0 | J31: =+F31-I31 -> 0
A32: =+A21&" total" -> Work Package 2 total | D32: =SUM(D22:D31) -> 0 | F32: =SUM(F22:F31) -> 0 | G32: =SUM(G22:G31) -> 0 | I32: =SUM(I22:I31) -> 0 | J32: =SUM(J22:J31) -> 0
A34: Work Package 3
A35: Title and name | F35: =D35*E35 -> 0 | I35: =G35*H35 -> 0 | J35: =+F35-I35 -> 0
A36: Title and name | F36: =D36*E36 -> 0 | I36: =G36*H36 -> 0 | J36: =+F36-I36 -> 0
A37: Title and name | F37: =D37*E37 -> 0 | I37: =G37*H37 -> 0 | J37: =+F37-I37 -> 0
A38: Title and name | F38: =D38*E38 -> 0 | I38: =G38*H38 -> 0 | J38: =+F38-I38 -> 0
A39: Title and name | F39: =D39*E39 -> 0 | I39: =G39*H39 -> 0 | J39: =+F39-I39 -> 0
A40: Title and name | F40: =D40*E40 -> 0 | I40: =G40*H40 -> 0 | J40: =+F40-I40 -> 0
A41: Title and name | F41: =D41*E41 -> 0 | I41: =G41*H41 -> 0 | J41: =+F41-I41 -> 0
A42: Title and name | F42: =D42*E42 -> 0 | I42: =G42*H42 -> 0 | J42: =+F42-I42 -> 0
A43: Title and name | F43: =D43*E43 -> 0 | I43: =G43*H43 -> 0 | J43: =+F43-I43 -> 0
A44: Title and name | F44: =D44*E44 -> 0 | I44: =G44*H44 -> 0 | J44: =+F44-I44 -> 0
A45: =+A34&" total" -> Work Package 3 total | D45: =SUM(D35:D44) -> 0 | F45: =SUM(F35:F44) -> 0 | G45: =SUM(G35:G44) -> 0 | I45: =SUM(I35:I44) -> 0 | J45: =SUM(J35:J44) -> 0
A47: SALARIES TOTAL | D47: =D19+D32+D45 -> 0 | F47: =F19+F32+F45 -> 0 | G47: =G19+G32+G45 -> 0 | I47: =I19+I32+I45 -> 0 | J47: =J19+J32+J45 -> 0
A49: OPERATING EXPENSES | D49: Antal | E49: Beløb | G49: Antal | H49: Beløb
A50: Travel, study trips and professional networking activities | F50: =D50*E50 -> 0 | I50: =G50*H50 -> 0 | J50: =+F50-I50 -> 0
A51: Meetings, seminars, workshops and conferences | F51: =D51*E51 -> 0 | I51: =G51*H51 -> 0 | J51: =+F51-I51 -> 0
A52: Communication and dissemination | F52: =D52*E52 -> 0 | I52: =G52*H52 -> 0 | J52: =+F52-I52 -> 0
A53: Publications and Open Access | F53: =D53*E53 -> 0 | I53: =G53*H53 -> 0 | J53: =+F53-I53 -> 0
A54: Purchase of equipment, software and materials | F54: =D54*E54 -> 0 | I54: =G54*H54 -> 0 | J54: =+F54-I54 -> 0
A55: Production and development of materials | F55: =D55*E55 -> 0 | I55: =G55*H55 -> 0 | J55: =+F55-I55 -> 0
A56: Consultancy and advisory services | F56: =D56*E56 -> 0 | I56: =G56*H56 -> 0 | J56: =+F56-I56 -> 0
A57: Marketing and promotion | F57: =D57*E57 -> 0 | I57: =G57*H57 -> 0 | J57: =+F57-I57 -> 0
A58: Add additional expense category | F58: =D58*E58 -> 0 | I58: =G58*H58 -> 0 | J58: =+F58-I58 -> 0
A59: Add additional expense category | F59: =D59*E59 -> 0 | I59: =G59*H59 -> 0 | J59: =+F59-I59 -> 0
A60: Add additional expense category | F60: =D60*E60 -> 0 | I60: =G60*H60 -> 0 | J60: =+F60-I60 -> 0
A61: Add additional expense category | F61: =D61*E61 -> 0 | I61: =G61*H61 -> 0 | J61: =+F61-I61 -> 0
... A69: Add additional expense category | F69: =D69*E69 -> 0 | I69: =G69*H69 -> 0 | J69: =+F69-I69 -> 0
A71: OPERATING EXPENSES TOTAL | F71: =SUM(F50:F69) -> 0 | I71: =SUM(I50:I69) -> 0 | J71: =SUM(J50:J69) -> 0
A73: TOTAL SALARIES AND OPERATING EXPENSES | F73: =F71+F47 -> 0 | I73: =I71+I47 -> 0 | J73: =+F73-I73 -> 0
A75: Administration Support (5%) | F75: =0.05*(1.05263157894737)*F73 -> 0 | I75: =0.05*(1.05263157894737)*I73 -> 0 | J75: =+F75-I75 -> 0
A77: GRAND TOTAL - DKK | F77: =F47+F71+F75 -> 0 | I77: =I47+I71+I75 -> 0 | J77: =+F77-I77 -> 0
